 Dungeon Crawl Stone Soup version 0.32-a0-348-gc80224b (webtiles) character file.

Game seed: 3614753813779255611

14755237 Draconianmaid the Pharaoh (level 27, 242/242 HPs)
             Began as a Mummy Gladiator on Feb 15, 2024.
             Was a High Priest of Yredelemnul.
             Escaped with the Orb
             ... and 15 runes
             ... and 1 gem on Feb 17, 2024!
             The game lasted 07:14:53 (107837 turns).

Draconianmaid the Pharaoh (Mummy Gladiator)       Turns: 107837, Time: 07:14:54

Health: 242/242    AC: 30    Str: 35    XL:     27
Magic:  36/36      EV: 12    Int:  7    God:    Yredelemnul [*****.]
Gold:   7689       SH: 28    Dex: 25    Spells: 26/26 levels left

rFire   + +          .
                       - Unarmed
rCold   + + .        V - +1 tower shield {rC+ rF+}
rNeg    + + +        s - +5 fire dragon scales
rPois   ∞            X - +2 helmet {SInv}
rElec   +            J - +0 cloak "Liatewn" {rElec Str+3 Int-4 Dex+4}
rCorr   +            y - +2 pair of gloves {hurl}
SInv    +            A - +1 pair of boots of Ovumi {Dex+2}
Will    +++..        T - amulet "Qegeytur" {Regen+ rCorr Str+3}
Stlth   ++++         o - ring of Bacirph Boxtu {Wiz Fly Str+2 Slay+2}
HPRegen 1.40/turn    E - ring of the Dripping Pariah {+Blink rC+ rN+ Dex+5}
MPRegen 0.25/turn

%: faith, wizardry (x1)
@: flying, wreathed by umbra, studying Armour
A: cold resistance 1, negative energy resistance 3, torment resistance 2, heat
vulnerability 1, in touch with death 2, no potions, faith
0: Orb of Zot
}: 15/15 runes: decaying, serpentine, slimy, silver, golden, iron, obsidian,
icy, bone, abyssal, demonic, glowing, magical, fiery, dark
a: Renounce Religion, Evoke Blink, Light the Black Torch, Recall Undead Harvest,
Hurl Torchlight, Bind Soul, Fathomless Shackles


You escaped.
You worshipped Yredelemnul.
Yredelemnul was most pleased with you.
You visited 18 branches of the dungeon, and saw 88 of its levels.
You visited Pandemonium 1 time, and saw 26 of its levels.
You visited the Abyss 2 times.
You visited 1 bazaar.
You also visited: Ice Cave.

You collected 14640 gold pieces.
You spent 6951 gold pieces at shops.

Inventory:

Missiles
 d - 13 javelins
 j - 34 boomerangs
 t - 16 atropa-tipped darts
 D - 9 datura-tipped darts
 K - 2 throwing nets
 Q - 7 silver javelins (quivered)
 R - 9 curare-tipped darts
Armour
 r - a scarf of resistance
 s - +5 fire dragon scales (worn)
 y - a +2 pair of gloves of hurling (worn)
 A - the +1 pair of boots of Ovumi (worn) {Dex+2}
   (You acquired it on level 1 of the Snake Pit)

   Dex+2:     It affects your dexterity (+2).
 B - the +6 ice dragon scales of Life {Rampage rPois rF- rC++ rN+}
   (You found it in Pandemonium)

   rF-:       It makes you vulnerable to fire.
   rC++:      It greatly protects you from cold.
   rPois:     It protects you from poison rN+: It protects you from negative
   energy.
   Rampage:   It bestows one free step when moving towards enemies.
 J - the +0 cloak "Liatewn" (worn) {rElec Str+3 Int-4 Dex+4}
   (You found it on level 4 of the Snake Pit)

   Str+3:     It affects your strength (+3).
   Int-4:     It affects your intelligence (-4).
   Dex+4:     It affects your dexterity (+4).
   rElec:     It insulates you from electricity.
 V - a +1 tower shield of resistance (worn)
 X - a +2 helmet of see invisible (worn)
Jewellery
 g - the ring "Doxza" {rC+ rCorr Int+7 Dex-3}
   (You found it on level 5 of the Pits of Slime)

   [ring of protection from cold]

   Int+7:     It affects your intelligence (+7).
   Dex-3:     It affects your dexterity (-3).
   rC+:       It protects you from cold.
   rCorr:     It protects you from acid and corrosion.
 i - the amulet of Free Expression {Spirit rElec Regen+}
   (You bought it in a shop in Pandemonium)

   [amulet of guardian spirit]

   Spirit:    It causes incoming damage to be divided between your reserves of
   health and magic.
   rElec:     It insulates you from electricity.
   Regen+:    It increases your rate of health regeneration.
 k - a ring of protection from fire
 l - an amulet of reflection
 o - the ring of Bacirph Boxtu (left hand) {Wiz Fly Str+2 Slay+2}
   (You found it in Pandemonium)

   [ring of wizardry]

   Wiz:       It improves your spell success rate.
   Str+2:     It affects your strength (+2).
   Slay+2:    It affects your accuracy & damage with ranged weapons and melee
   (+2).
   Fly:       It grants you flight.
 E - the ring of the Dripping Pariah (right hand) {+Blink rC+ rN+ Dex+5}
   (You took it off an ancient champion on level 3 of the Crypt)

   [ring of positive energy]

   Dex+5:     It affects your dexterity (+5).
   rC+:       It protects you from cold.
   rN+:       It protects you from negative energy.
   +Blink:    It lets you blink.
 O - a +4 ring of slaying
 T - the amulet "Qegeytur" (around neck) {Regen+ rCorr Str+3}
   (You acquired it on level 5 of the Vaults)

   [amulet of regeneration]

   Str+3:     It affects your strength (+3).
   Regen+:    It increases your rate of health regeneration.
   rCorr:     It protects you from acid and corrosion.
 U - a ring of protection from fire
 W - the ring "Tucakaic" {Will+ Int+4 Dex+6}
   (You took it off a deep elf pyromancer on level 3 of the Elven Halls)

   [ring of dexterity]

   Int+4:     It affects your intelligence (+4).
   Dex+6:     It affects your dexterity (+6).
   Will+:     It increases your willpower.
Wands
 v - a wand of flame (186)
 w - a wand of mindburst (55)
 x - a wand of light (38)
 z - a wand of roots (33)
 C - a wand of paralysis (88)
 I - a wand of digging (22)
 M - a wand of polymorph (29)
Scrolls
 e - 3 scrolls of revelation
 f - 18 scrolls of vulnerability
 h - 4 scrolls of torment
 n - 9 scrolls of poison
 p - 13 scrolls of fear
 q - 5 scrolls of teleportation
 u - 2 scrolls of silence
 G - 14 scrolls of fog
 P - 8 scrolls of immolation
Miscellaneous
 b - a box of beasts
 F - a condenser vane
 L - a phial of floods
 N - a lightning rod (4/4)
 S - the horn of Geryon (inert)
 Y - a phantom mirror


   Skills:
 - Level 25.0 Fighting
 + Level 24.9 Throwing
 - Level 15.0 Armour
 - Level 2.4 Dodging
 - Level 20.0 Stealth
 + Level 24.7 Shields
 O Level 27 Unarmed Combat
 - Level 18.0 Invocations
 - Level 18.0 Evocations


You had 26 spell levels left.
You didn't know any spells.
Your spell library contained the following spells:

 Spells                   Type           Power      Damage    Failure   Level
 Apportation              Tloc           0%         N/A       32%         1
 Foxfire                  Conj/Fire      0%         2x1d4     32%         1
 Freeze                   Ice            0%         1d3       32%         1
 Magic Dart               Conj           0%         1d3       32%         1
 Necrotise                Necr           0%         1d4       32%         1
 Sandblast                Erth           0%         2d4       32%         1
 Shock                    Conj/Air       0%         1d3       32%         1
 Slow                     Hex            0%         N/A       32%         1
 Sting                    Conj/Alch      0%         1d3       32%         1
 Summon Small Mammal      Summ           0%         N/A       32%         1
 Blink                    Tloc           0%         N/A       45%         2
 Call Imp                 Summ           0%         N/A       45%         2
 Cigotuvi's Dreadful Rot  Necr/Alch/Air  0%         N/A       45%         2
 Ensorcelled Hibernation  Hex/Ice        0%         N/A       45%         2
 Jinxbite                 Hex            0%         N/A       45%         2
 Lesser Beckoning         Tloc           0%         N/A       45%         2
 Mercury Vapours          Alch/Air       0%         N/A       45%         2
 Momentum Strike          Conj/Tloc      0%         3d8       45%         2
 Scorch                   Fire           0%         2d5       45%         2
 Searing Ray              Conj           0%         2d4       45%         2
 Static Discharge         Conj/Air       0%         3-3/arc   45%         2
 Call Canine Familiar     Summ           0%         N/A       69%         3
 Confusing Touch          Hex            0%         N/A       69%         3
 Dazzling Flash           Conj/Hex       0%         N/A       69%         3
 Frozen Ramparts          Ice            0%         1d1       69%         3
 Fugue of the Fallen      Necr           0%         N/A       69%         3
 Gell's Gravitas          Tloc           0%         N/A       69%         3
 Hailstorm                Conj/Ice       0%         3d5       69%         3
 Inner Flame              Hex/Fire       0%         N/A       69%         3
 Mephitic Cloud           Conj/Alch/Air  0%         N/A       69%         3
 Passwall                 Erth           0%         N/A       69%         3
 Sigil of Binding         Hex            0%         N/A       69%         3
 Stone Arrow              Conj/Erth      0%         3d7       69%         3
 Summon Ice Beast         Ice/Summ       0%         N/A       69%         3
 Swiftness                Air            0%         N/A       69%         3
 Teleport Other           Tloc           0%         N/A       69%         3
 Tukima's Dance           Hex            0%         N/A       69%         3
 Vampiric Draining        Necr           0%         2d6       69%         3
 Volatile Blastmotes      Fire/Tloc      0%         2d10      69%         3
 Airstrike                Air            0%         2d(0-16)  96%         4
 Anguish                  Hex/Necr       0%         N/A       96%         4
 Animate Armour           Summ/Erth      0%         N/A       96%         4
 Brom's Barrelling Bould  Conj/Erth      0%         2d3       96%         4
 Cause Fear               Hex            0%         N/A       96%         4
 Dimensional Bullseye     Hex/Tloc       0%         N/A       96%         4
 Flame Wave               Conj/Fire      0%         2d4       96%         4
 Fulminant Prism          Conj/Alch      0%         3d5       96%         4
 Ignite Poison            Fire/Alch      0%         N/A       96%         4
 Iskenderun's Mystic Bla  Conj/Tloc      0%         2d3       96%         4
 Leda's Liquefaction      Alch/Erth      0%         N/A       96%         4
 Manifold Assault         Tloc           0%         N/A       96%         4
 Olgreb's Toxic Radiance  Alch           0%         N/A       96%         4
 Passage of Golubria      Tloc           0%         N/A       96%         4
 Petrify                  Alch/Erth      0%         N/A       96%         4
 Sticky Flame             Fire/Alch      0%         2d4       96%         4
 Summon Blazeheart Golem  Fire/Summ      0%         N/A       96%         4
 Summon Lightning Spire   Summ/Air       0%         N/A       96%         4
 Vhi's Electric Charge    Tloc/Air       0%         N/A       96%         4
 Alistair's Intoxication  Alch           0%         N/A       100%        5
 Arcjolt                  Conj/Air       0%         1d10      100%        5
 Borgnjor's Vile Clutch   Necr/Erth      0%         N/A       100%        5
 Curse of Agony           Necr           0%         N/A       100%        5
 Fireball                 Conj/Fire      0%         3d3       100%        5
 Freezing Cloud           Conj/Ice/Air   0%         6-21      100%        5
 Lee's Rapid Deconstruct  Erth           0%         3d4*      100%        5
 Metabolic Englaciation   Hex/Ice        0%         N/A       100%        5
 Silence                  Hex/Air        0%         N/A       100%        5
 Summon Forest            Summ/Tloc      0%         N/A       100%        5
 Summon Mana Viper        Hex/Summ       0%         N/A       100%        5
 Yara's Violent Unravell  Hex/Alch       0%         3d3       100%        5
 Bombard                  Conj/Erth      0%         9d1       100%        6
 Dispersal                Tloc           0%         N/A       100%        6
 Eringya's Noxious Bog    Alch           0%         4d6       100%        6
 Plasma Beam              Fire/Air       0%         2x1d10    100%        6
 Sculpt Simulacrum        Ice/Alch       0%         N/A       100%        6
 Starburst                Conj/Fire      0%         6d3       100%        6
 Summon Cactus Giant      Summ           0%         N/A       100%        6
 Haunt                    Necr/Summ      0%         N/A       100%        7
 Malign Gateway           Summ/Tloc      0%         N/A       100%        7
 Ozocubu's Refrigeration  Ice            0%         4d7       100%        7
 Summon Hydra             Summ           0%         N/A       100%        7
 Discord                  Hex            0%         N/A       100%        8
 Disjunction              Tloc           0%         N/A       100%        8
 Ignition                 Fire           0%         3d3       100%        8
 Lehudib's Crystal Spear  Conj/Erth      0%         10d2      100%        8
 Summon Horrible Things   Summ           0%         N/A       100%        8
 Chain Lightning          Conj/Air       0%         N/A       100%        9
 Dragon's Call            Summ           0%         N/A       100%        9
 Fire Storm               Conj/Fire      0%         5d1       100%        9
 Polar Vortex             Ice            0%         N/A       100%        9
 Shatter                  Erth           0%         3d5*      100%        9
 Animate Dead             Necr           Unusable   N/A       N/A         4
 Death Channel            Necr           Unusable   N/A       N/A         6
 Borgnjor's Revivificati  Necr           Unusable   N/A       N/A         8
 Death's Door             Necr           Unusable   N/A       N/A         9

Dungeon Overview and Level Annotations

Branches:
Dungeon (15/15)            Temple (1/1) D:5            Lair (5/5) D:9
  Swamp (4/4) Lair:2        Snake (4/4) Lair:2        Slime (5/5) Lair:5
    Orc (2/2) D:10            Elf (3/3) Orc:2        Vaults (5/5) D:14
  Crypt (3/3) Vaults:2       Tomb (3/3) Crypt:3      Depths (4/4) D:15
   Hell (visited)             Dis (7/7) Hell            Geh (7/7) Hell
    Coc (7/7) Hell            Tar (7/7) Hell            Zot (5/5) Depths:4
  IceCv (visited)

Altars:
Ashenzari
Cheibriados
Dithmenos
Fedhas
Gozag
Hepliaklqana
Kikubaaqudgha
Makhleb
Nemelex Xobeh
Okawaru
Qazlal
Ru
Sif Muna
Trog
Uskayaw
Vehumet
Wu Jian
Xom
Yredelemnul
Jiyva

Shops:
D:3 (   D:4 ?   D:12 (   Orc:1 ![([   Orc:2 **(!   Elf:2 !   Elf:3 *[!*:
Snake:2 ([!(   Snake:3 =:=   Vaults:3 ?   Vaults:5 ?!??   Depths:2 (
Depths:3 [

Portals:
Hell: Depths:1 Depths:2 Depths:3 Depths:4
Abyss: Depths:3
Pandemonium: Depths:1 Depths:2
Ziggurat: Depths:2


Innate Abilities, Weirdness & Mutations

You are immune to poison.
Your flesh is cold resistant. (rC+)
You are immune to negative energy. (rN+++)
You are immune to unholy pain and torment.
You are vulnerable to heat. (rF-)
You are strongly in touch with the powers of death.
You do not drink.
You have a special connection with the divine. (Faith)


Message History

A black mist starts to gather...
Your spectral cacodemon hits the orange demon! x2
You block the orange demon's attack.
Unknown command.
You swap places.
Antaeus gestures at the orange demon.
The icy flash freeze hits the orange demon!!!
The orange demon dies!
A black mist starts to gather...
Unknown command.
There is a stone staircase leading up here.
You fly upwards.
There is a stone staircase leading down here.
There is a stone staircase leading up here.
You fly upwards.
There is a stone staircase leading down here.
There is a stone staircase leading up here.
You fly upwards.
There is a stone staircase leading down here.
You swap places.
Things that are here:
a jackal skeleton; a jackal skeleton; an iguana skeleton
There is a stone staircase leading up here.
You fly upwards.
There is a stone staircase leading down here.
You see here a gnoll skeleton.
A Hell Sentinel comes into view.
There is a stone staircase leading up here.
The Hell Sentinel roars!
You fly upwards.
There is a stone staircase leading down here.
There is a stone staircase leading up here.
You fly upwards.
There is a stone staircase leading down here.
There is an open door here.
There is an open door here.
Antaeus says, "Be careful!"
There is an open door here.
There is a staircase leading out of the dungeon here.
You have escaped!

#..## #..##.#.#....###.#......
#..# #..####.##.#.# #.#####..
#..# #..# #'##.#.# #.# #..
#..#######..# #.##>#.###.#####..
#...........# #'##..............
#..########.####.##.....#^######.
#..# #...##'##.......# #. #..#
#######...#####.### #. #..#
#.'.'.'.@.'.+.'.# #.
#..######.#####.Z.####### ####.
#......!......##'##...# #....
##.######.....##.#.#### #####...#
#.# #.....##'#.# #........ #.#
###.####.#.# #........
#.#######...###'#.# ##..>.....
#.........#.......#####...##...#
########.....####..............#


You could see the friendly Antaeus the bound titan.

Vanquished Creatures
  2 pandemonium lords (Pan)
  the Royal Jelly (Slime:5)
  Gloorx Vloq (Pan)
  7 orbs of fire
  6 ancient liches
  Khufu (Crypt:3)
  A dread lich (Zot:5)
  3 juggernauts
  10 royal mummies
  6 shard shrikes
  Josephina (Zot:2)
  Margery (Vaults:4)
  3 Killer Klowns
  A curse toe (Zot:2)
  Vashnia (Snake:2)
  3 caustic shrikes
  6 golden dragons
  3 bone dragons
  A profane servitor (Tar:5)
  5 Tzitzimimeh
  4 iron giants
  6 doom hounds
  A hellephant (Geh:2)
  3 electric golems
  A spectral shard shrike (Tar:4)
  15 tentacled monstrosities
  6 Brimstone Fiends
  10 Ice Fiends
  Grunn (Crypt:1)
  18 Orb Guardians
  2 tainted leviathans (Tar:7)
  6 Hell Sentinels
  8 liches
  A walking divine tome (Depths:3)
  10 titans
  3 deep elf master archers (Elf:3)
  4 deep elf blademasters (Elf:3)
  2 quicksilver dragons
  7 sphinxes
  8 acid blobs
  20 ancient champions
  2 thorn hunters (Swamp:4)
  10 death cobs
  6 searing wretches
  9 Executioners
  3 tengu reavers
  8 shadow dragons
  6 protean progenitors
  2 revenants
  9 azure jellies
  19 storm dragons
  9 fire giants
  9 rockslimes
  9 nagarajas
  4 frost giants
  5 narguns (Coc:7)
  A quicksilver elemental (Dis:7)
  5 draconian monks
  A juggernaut zombie (Crypt:1)
  3 draconian shifters
  A deep elf elementalist (Elf:2)
  8 draconian scorchers
  6 draconian knights
  8 deep elf sorcerers
  6 ghouls
  8 curse skulls
  2 orc warlords
  3 spectral caustic shrikes
  10 vault wardens
  2 ghost moths (Zot:3)
  11 balrugs
  3 draconian stormcallers
  7 cacodemons
  7 draconian annihilators
  2 angels
  3 iron dragons
  11 reapers
  3 demonspawn blood saints (Pan)
  10 ironbound preservers
  5 vampire knights
  9 quicksilver oozes
  2 juggernaut skeletons
  6 ironbound thunderhulks
  8 stone giants
  11 very ugly things
  6 demonspawn black suns (Pan)
  4 formless jellyfish
  4 demonspawn corrupters (Pan)
  3 caustic shrike skeletons
  2 ophanim (Abyss:4)
  2 deep elf demonologists
  3 elemental wellsprings
  8 purple draconians
  A rockslime zombie (Slime:5)
  8 deep elf death magi
  3 eleionomae
  2 putrid mouths
  7 green draconians
  16 yellow draconians
  10 bennus (Tomb:3)
  2 starcursed masses (Abyss:4)
  7 white draconians
  7 war gargoyles
  3 bunyips
  7 wendigos (Coc:7)
  5 deep elf annihilators
  A spectral titan (Vaults:5)
  2 black draconians (Zot:1)
  7 red draconians
  4 dire elephants (Vaults:1)
  2 lorocyprocas (Pan)
  An acid blob zombie (Slime:5)
  5 spark wasps
  5 iron golems
  6 blizzard demons
  11 ettins
  16 mummy priests
  3 crystal guardians
  8 eidola
  3 green deaths (Pan)
  4 fire dragons
  A merfolk javelineer (Depths:2)
  A merfolk impaler (Depths:2)
  An entropy weaver (Vaults:3)
  3 deep elf high priests
  10 yaktaur captains
  Harold (Orc:1)
  A rakshasa (Pan)
  20 vault guards
  3 peacekeepers
  6 great orbs of eyes
  5 jiangshi
  3 ice dragons
  5 caustic shrike simulacra
  5 hell beasts
  9 hydras
  An ogre mage (Vaults:5)
  2 radroaches (Zot:1)
  3 ironbound frosthearts
  2 quicksilver dragon skeletons (Crypt:3)
  3 spriggan skeletons
  11 anacondas
  4 spriggan air magi
  6 alligators
  6 bennu zombies
  43 dancing weapons
  An anaconda (shapeshifter) (D:14)
  13 centaur warriors
  4 death knights
  3 boulder beetles
  6 naga warriors
  42 death scarabs
  5 demonic crawlers (Pan)
  2 hell hogs
  3 death yaks (Lair:1)
  3 deep troll earth magi
  An orc high priest (Orc:2)
  4 shock serpents
  A deep troll shaman (Depths:3)
  A titan zombie (Crypt:1)
  7 spriggan berserkers
  10 tengu warriors
  A thrashing horror (Abyss:4)
  A spectral emperor scorpion (Pan)
  20 soul eaters
  4 vampire magi
  3 spectral dire elephants
  9 naga sharpshooters
  12 hell knights
  Sonja (Lair:2)
  39 sun demons
  16 deep elf knights
  A storm dragon zombie (Tomb:1)
  A golden dragon zombie (Depths:1)
  41 skeletal warriors
  A crystal echidna (Dis:2)
  4 iron trolls
  3 sea snakes (Snake:3)
  3 shadow wraiths
  2 cherubim (Abyss:4)
  5 sixfirhies
  A spark wasp zombie (Depths:1)
  2 mana vipers
  2 swamp dragons
  A glowing orange brain (shapeshifter) (Vaults:4)
  23 deep trolls
  3 quicksilver dragon simulacra (Coc:7)
  A goliath frog (Swamp:1)
  A swamp dragon (shapeshifter) (Depths:3)
  3 flayed ghosts
  3 spriggan riders
  13 shadow demons (Pan)
  20 large abominations
  A kraken simulacrum (Coc:7)
  3 arcanists
  7 bog bodies
  3 spriggan druids
  4 glowing orange brains
  2 mana vipers (shapeshifter)
  A spectral hydra (Swamp:4)
  3 steelbarb worms (Zot:1)
  7 deep elf archers
  6 lindwurms
  2 sun moths (Pan)
  7 phantasmal warriors
  18 ironbound convokers
  3 naga ritualists (Snake:4)
  5 necromancers
  A spriggan simulacrum (Coc:6)
  2 orc knights
  A wolf spider zombie (Crypt:3)
  An iron giant skeleton (Crypt:3)
  2 orange crystal statues
  3 anaconda skeletons (Crypt:3)
  25 deep elf pyromancers
  27 deep elf zephyrmancers
  3 oklob plants (Swamp:4)
  3 will-o-the-wisps
  7 orc sorcerers
  A shining eye (Slime:3)
  4 cyclopes
  7 manticores
  4 salamanders
  A sphinx simulacrum (Depths:1)
  A shadow dragon skeleton (Depths:1)
  A shining eye (shapeshifter) (Vaults:4)
  A meliai (D:14)
  19 moths of wrath
  A spectral centaur (Tar:2)
  3 elephants (Lair:3)
  A naga zombie (Crypt:2)
  A stone giant skeleton (Crypt:3)
  23 ugly things
  16 vault sentinels
  4 fire giant skeletons
  A rust devil (Pan)
  3 kobold blastminers
  22 black mambas
  A guardian serpent (shapeshifter) (Vaults:4)
  6 guardian serpents
  2 titan simulacra
  2 iron dragon skeletons (Crypt:3)
  A dire elephant skeleton (Crypt:1)
  19 smoke demons
  An eye of devastation (Abyss:4)
  An ice statue (Coc:7)
  9 naga magi
  3 orange demons (Pan)
  7 cane toads
  2 spectral slime creatures (Slime:5)
  An alligator snapping turtle skeleton (Hell)
  15 hellions
  4 komodo dragons
  A grey draconian zombie (Crypt:2)
  2 unseen horrors
  4 rime drakes
  A redback zombie (Crypt:3)
  3 efreet
  25 yaktaurs
  8 freezing wraiths
  An iron giant simulacrum (Coc:5)
  An ice devil (Hell)
  2 golden dragon simulacra (IceCv)
  6 tormentors
  3 anaconda simulacra (Swamp:4)
  26 guardian mummies
  A spectral harpy (Tar:6)
  A ghost moth simulacrum (Zot:2)
  3 trolls
  5 tengu conjurers
  2 red devils (Pan)
  4 spectral deep trolls (Crypt:2)
  A merfolk (shapeshifter) (Vaults:5)
  An ancient zyme (Abyss:4)
  2 hydra zombies
  2 polar bears (Lair:5)
  8 hornets
  11 hellwings (Pan)
  A death drake skeleton (Crypt:3)
  3 harpy skeletons
  A shadow dragon simulacrum (Zot:2)
  4 blink frogs
  An ettin zombie (Vaults:5)
  3 hydra skeletons
  3 draconian simulacra (Zot:2)
  7 tyrant leeches
  A dream sheep (Lair:5)
  2 glass eyes
  Sigmund (D:2)
  4 spriggan zombies
  12 spriggans
  5 water elementals
  4 air elementals
  13 ynoxinuls (Pan)
  29 slime creatures
  An ice dragon skeleton (Crypt:2)
  4 wraiths
  4 shadows
  15 yaks
  5 wyverns
  3 slime creature zombies (Slime:5)
  A black mamba skeleton (Crypt:3)
  2 dire elephant simulacra
  5 ushabtiu
  3 fire elementals
  4 humans (Snake:1)
  A hog (shapeshifter) (D:9)
  3 wargs
  A fire bat (Pan)
  2 basilisks (Lair:2)
  7 neqoxecs
  2 golden eyes
  11 vampire mosquitoes
  7 chaos spawn (Pan)
  6 harpy simulacra
  22 nagas
  11 water moccasins
  3 acid dragons
  A two-headed ogre zombie (D:10)
  6 hell hounds
  2 naga skeletons (Crypt:3)
  5 swamp worms
  3 hydra simulacra
  2 deep troll zombies
  10 orc warriors
  A sky beast (shapeshifter) (Elf:1)
  3 swamp drakes
  2 ice beasts
  13 laughing skulls
  A swamp dragon zombie (Swamp:4)
  A human zombie (Vaults:4)
  A black bear (shapeshifter) (D:13)
  An elf zombie (Elf:3)
  An ettin simulacrum (IceCv)
  4 boggarts
  17 wolves (Lair:5)
  A swamp dragon skeleton (Swamp:4)
  2 centaurs
  3 ogres (Orc:2)
  A phantom (D:5)
  2 kobold brigands
  6 bullfrogs
  2 yaktaur zombies
  4 scorpions
  A deep troll simulacrum (Swamp:4)
  An earth elemental (Elf:3)
  A wight (D:8)
  A troll zombie (D:10)
  23 killer bees
  4 howler monkeys
  A bombardier beetle (D:5)
  23 orc priests
  2 centaur skeletons
  A jelly (D:6)
  2 iguanas
  23 orc wizards
  3 hell rats (Hell)
  3 ogre zombies
  25 mummies
  A gnoll (D:3)
  7 adders
  2 swamp drake zombies (Swamp:4)
  4 shadow imps
  2 swamp drake skeletons (Swamp:4)
  2 ufetubi (D:6)
  A lava snake skeleton (Crypt:1)
  3 dart slugs
  A ribbon worm (D:11)
  34 orcs
  10 ball pythons
  A bat (D:2)
  8 endoplasms
  4 giant cockroaches
  4 goblins (D:2)
  8 hobgoblins
  7 jackals
  3 quokkas
  4 frilled lizards
  A giant cockroach zombie (Crypt:3)
  A gnoll skeleton (D:10)
  13 kobolds
  13 orc zombies
  4 rats
  A rat zombie (Crypt:2)
  An aspiring flesh (Pan)
  A tentacle (Coc:7)
2186 creatures vanquished.

Vanquished Creatures (collateral kills)
  Cerebov (Pan)
  Asmodeus (Geh:7)
  Ereshkigal (Tar:7)
  Mnoleg (Pan)
  the Serpent of Hell (Geh:7)
  Lom Lobon (Pan)
  Dispater (Dis:7)
  An ancient lich (Tar:1)
  A dread lich (Pan)
  Mara (Vaults:5)
  Mennas (Crypt:2)
  18 pandemonium lords
  2 juggernauts (Dis:7)
  A royal mummy (Tomb:3)
  Boris (twice) (Vaults:1 Depths:4)
  2 Killer Klowns
  16 shard shrikes
  7 caustic shrikes
  A curse toe (Zot:5)
  Geryon (Hell)
  A golden dragon (Zot:2)
  Nikola (Depths:1)
  Jory (Depths:3)
  3 bone dragons
  4 profane servitors
  25 Tzitzimimeh
  8 hellephants
  An electric golem (Zot:5)
  12 Brimstone Fiends
  6 doom hounds
  2 spectral shard shrikes
  12 iron giants
  4 tentacled monstrosities
  24 Hell Sentinels
  19 Ice Fiends
  9 tainted leviathans
  Rupert (D:12)
  5 titans
  4 liches
  8 Orb Guardians (Zot:5)
  An acid blob (Slime:5)
  9 searing wretches
  26 ancient champions
  3 sphinxes
  29 Executioners (Pan)
  A tentacled starspawn (Abyss:4)
  An eldritch tentacle (Pan)
  Kirke (Snake:1)
  3 thorn hunters (Swamp:4)
  A tengu reaver (Depths:3)
  7 storm dragons
  3 draconian knights (Zot:5)
  Roxanne (D:14)
  2 nagarajas (Pan)
  Donald (Swamp:4)
  A shadow dragon (Vaults:5)
  A rockslime (Slime:5)
  A fenstrider witch (Pan)
  11 narguns
  4 protean progenitors (Pan)
  10 fire giants
  17 demonspawn warmongers (Pan)
  2 revenants
  9 azure jellies
  A daeva (Pan)
  2 draconian monks
  39 balrugs
  11 iron dragons
  2 draconian shifters
  5 frost giants
  14 quicksilver elementals
  An angel (Pan)
  2 caustic shrike zombies
  5 vault wardens
  6 shard shrike simulacra
  A deep elf elementalist (Elf:3)
  34 reapers
  3 ironbound preservers
  A spectral caustic shrike (Tar:1)
  4 draconian annihilators
  17 cacodemons
  12 demonspawn corrupters
  A hydra skeleton (Swamp:4)
  2 curse skulls
  2 juggernaut skeletons (Pan)
  3 formless jellyfish (Slime:3)
  9 stone giants
  2 ghouls (Crypt:3)
  22 demonspawn blood saints (Pan)
  2 eleionomae
  4 caustic shrike skeletons
  2 vampire knights
  11 very ugly things
  4 bennus (Tomb:3)
  10 elemental wellsprings
  A deep elf demonologist (Elf:3)
  4 black draconians
  3 green draconians
  23 war gargoyles
  5 dire elephants
  15 putrid mouths
  21 demonspawn black suns (Pan)
  4 white draconians
  17 lorocyprocas
  2 purple draconians
  5 deep elf death magi
  12 wendigos
  4 bunyips
  A yellow draconian (Zot:3)
  A deep elf annihilator (Vaults:5)
  4 red draconians
  6 iron golems
  Snorg (D:12)
  2 spark wasps
  3 mummy priests
  7 eidola
  24 blizzard demons (Pan)
  2 ettins
  29 green deaths
  2 fire dragons (Depths:4)
  4 jiangshi
  A shambling mangrove (Swamp:3)
  A deep elf high priest (Vaults:5)
  4 yaktaur captains
  5 great orbs of eyes
  5 hell beasts (Pan)
  3 jorogumos (Pan)
  5 rakshasas
  2 spriggan zombies (Hell)
  A peacekeeper (Vaults:4)
  10 hydras
  8 salamander tyrants (Geh:7)
  11 vault guards
  8 alligators
  5 ice dragons
  2 ironbound frosthearts
  3 merfolk aquamancers (Pan)
  3 ogre magi
  3 juggernaut simulacra
  5 anacondas
  A centaur warrior (D:14)
  9 caustic shrike simulacra
  8 dancing weapons
  4 boulder beetles
  2 deep troll shamans
  8 stokers
  A spectral stone giant (Tar:1)
  2 two-headed ogres (D:15)
  22 death scarabs
  A tengu warrior (Depths:2)
  10 naga warriors
  An Orb Guardian skeleton (Crypt:2)
  A deep troll earth mage (Depths:3)
  A vampire mage (Crypt:3)
  A spectral storm dragon (Tar:2)
  2 orc high priests
  24 demonic crawlers
  A titan zombie (Crypt:2)
  2 spectral nagas
  16 hell hogs
  3 hell knights (Vaults:5)
  7 crystal echidnas
  5 spectral sixfirhies (Pan)
  7 naga sharpshooters
  2 spectral emperor scorpions (Pan)
  2 shock serpents
  2 spriggan berserkers
  2 spectral dire elephants (Tar:4)
  43 soul eaters
  6 thrashing horrors (Abyss:4)
  86 sun demons
  2 titan skeletons
  A deep elf knight (Elf:2)
  8 skeletal warriors
  2 spectral anacondas
  2 salamander mystics
  A spatial maelstrom (Abyss:4)
  24 sixfirhies
  7 iron trolls
  A storm dragon zombie (Vaults:2)
  26 shadow wraiths
  12 shadow demons (Pan)
  18 deep trolls
  5 spriggan riders
  5 quicksilver dragon simulacra
  2 swamp dragons
  3 flayed ghosts
  An arcanist (Vaults:3)
  5 bog bodies
  A spectral bunyip (Tar:1)
  5 ironbound convokers
  A glowing orange brain (Vaults:4)
  2 spriggan druids
  5 spriggan simulacra
  3 orc knights
  2 mana vipers
  2 sun moths (Pan)
  A kraken simulacrum (Coc:7)
  4 spectral hydras
  8 phantasmal warriors
  2 naga ritualists
  2 anaconda skeletons
  A fenstrider witch simulacrum (Coc:1)
  2 deep elf archers (Elf:1)
  2 obsidian statues (IceCv)
  6 necromancers
  A deep elf pyromancer (Elf:1)
  4 deep elf zephyrmancers
  3 shining eyes
  2 orc sorcerers
  2 manticores (D:15)
  14 ugly things
  Maurice (Orc:1)
  2 cyclopes
  4 oklob plants (Lair:5)
  3 spectral ettins
  3 will-o-the-wisps
  2 salamanders
  An iron dragon skeleton (Crypt:1)
  A meliai (shapeshifter) (D:14)
  2 elephants (Lair:3)
  A dire elephant zombie (Hell)
  A centaur zombie (Crypt:1)
  6 naga magi
  9 rust devils
  3 moths of wrath
  4 vault sentinels
  A fire giant skeleton (Vaults:2)
  An alligator snapping turtle zombie (Crypt:1)
  7 black mambas
  An eye of devastation (Slime:5)
  A spectral centaur (Tar:1)
  4 guardian serpents (Snake:4)
  A gargoyle (D:11)
  26 orange demons
  71 smoke demons
  6 titan simulacra
  A naga skeleton (Tomb:1)
  A shock serpent skeleton (Crypt:3)
  5 cane toads
  2 black mambas (shapeshifter)
  2 demonspawn zombies (Pan)
  A kobold demonologist (D:12)
  44 large abominations
  13 yaktaurs
  39 hellions
  12 molten gargoyles
  A purple draconian zombie (Crypt:1)
  7 freezing wraiths
  A bunyip simulacrum (Coc:1)
  2 komodo dragons
  7 ice devils
  6 efreet
  2 golden dragon simulacra
  2 spectral shadow demons (Pan)
  32 tormentors
  An ancient zyme (Abyss:4)
  10 guardian mummies
  An iron giant simulacrum (Coc:7)
  3 silent spectres
  A harpy zombie (Crypt:1)
  4 human skeletons
  A spectral deep troll (Crypt:2)
  10 red devils (Pan)
  A queen bee (Lair:2)
  2 spectral harpies
  A troll (shapeshifter) (D:14)
  A hydra zombie (Swamp:4)
  A tarantella (shapeshifter) (D:13)
  A troll (Orc:2)
  20 hellwings (Pan)
  5 hornets
  2 demonic crawler zombies (Pan)
  2 polar bears (Lair:5)
  7 blink frogs
  2 alligator simulacra (IceCv)
  10 tyrant leeches
  A wind drake (shapeshifter) (D:14)
  A spectral swamp dragon (Tar:1)
  A harpy skeleton (Hell)
  An ettin zombie (Hell)
  2 iron dragon simulacra
  A satyr zombie (Crypt:1)
  A dream sheep (Lair:5)
  A stone giant simulacrum (Coc:3)
  3 wraiths
  A shadow (D:9)
  29 slime creatures
  A centaur simulacrum (Crypt:1)
  49 ynoxinuls (Pan)
  A black mamba zombie (Crypt:2)
  A spectral hell beast (Pan)
  5 dire elephant simulacra
  A spectral black mamba (Tar:1)
  3 vampires
  4 spriggans
  12 yaks
  3 ushabtiu
  2 wyverns
  A naga simulacrum (Coc:7)
  2 basilisks
  2 starcursed masses (Abyss:4)
  2 alligator snapping turtle simulacra (Coc:2)
  4 golden eyes
  2 fire elementals (D:12)
  A redback (Vaults:3)
  2 fire bats (Pan)
  22 neqoxecs
  A spectral orange demon (Pan)
  7 vampire mosquitoes
  40 chaos spawn (Pan)
  A minotaur simulacrum (IceCv)
  24 nagas
  2 steam dragons
  A two-headed ogre zombie (D:10)
  A faun zombie (Crypt:1)
  2 spatial vortices (Abyss:4)
  9 harpy simulacra
  2 hydra simulacra
  7 hell hounds (Hell)
  4 swamp worms
  2 spectral smoke demons (Pan)
  A spectral red devil (Pan)
  2 water moccasins
  A spectral hellwing (Pan)
  8 orc warriors
  A hornet zombie (D:9)
  4 swamp drakes
  3 ettin simulacra
  An ice beast (D:7)
  A sky beast (D:6)
  8 laughing skulls
  2 black bears (Lair:5)
  2 small abominations (Abyss:4)
  2 ogres (D:15)
  9 wolves
  3 boggarts (Lair:5)
  2 centaurs
  A phantom (D:10)
  2 spectral neqoxecs (Pan)
  A spectral ynoxinul (Pan)
  3 spectral chaos spawn (Pan)
  A kobold brigand (D:12)
  6 brain worms (Pan)
  8 bullfrogs
  A scorpion (D:5)
  An earth elemental (Elf:2)
  A deep troll simulacrum (IceCv)
  5 wights
  A lindwurm simulacrum (Swamp:4)
  13 killer bees
  A troll zombie (D:10)
  3 howler monkeys
  2 electric eels (Lair:4)
  A crimson imp (Abyss:4)
  2 hounds
  2 human zombies (Crypt:1)
  A jelly (D:6)
  12 orc priests
  A sleepcap (D:6)
  2 iguanas (D:7)
  16 orc wizards
  9 hell rats (Hell)
  2 boggart skeletons
  2 ogre zombies (D:10)
  A brain worm zombie (Pan)
  12 mummies
  An adder (D:6)
  A shadow imp (D:6)
  A white imp (D:8)
  A howler monkey simulacrum (D:9)
  2 adder zombies
  33 orcs
  2 kobolds (D:12)
  2 orc skeletons (D:10)
  18 orc zombies
  9 aspiring fleshes (Pan)
  A creeping inferno (Geh:7)
  4 fire vortices
  A spectral weapon (Coc:7)
  A starspawn tentacle (Pan)
2292 creatures vanquished.

Vanquished Creatures (others)
  A golden dragon (Zot:1)
  A spectral demigod (Crypt:3)
  A pandemonium lord (Pan)
  4 shard shrike zombies
  A juggernaut zombie (Depths:4)
  3 caustic shrike zombies (Dis:7)
  6 spectral tentacled monstrosities
  A Killer Klown zombie (Zot:5)
  A demonspawn corrupter (Pan)
  A doom hound zombie (Crypt:1)
  A spectral Tzitzimitl (Pan)
  A demonspawn blood saint (Pan)
  A spectral guardian serpent (Swamp:4)
  spectral Gloorx Vloq (Pan)
  A yellow draconian (Zot:5)
  A red draconian (Depths:4)
  2 spectral golden dragons
  A war gargoyle (Dis:4)
  3 green deaths (Pan)
  A spectral Hell Sentinel (Pan)
  A spectral demonspawn (Pan)
  2 spectral
  Brimstone Fiends (Pan)
  4 very ugly thing zombies
  4 spectral
  Ice Fiends (Coc:7)
  2 caustic shrike simulacra (Coc:7)
  2 sphinx zombies
  A jorogumo (Pan)
  5 bennu zombies (Tomb:3)
  4 azure jelly zombies (Coc:7)
  2 titan zombies (Zot:2)
  A hellephant zombie (Geh:7)
  A quicksilver ooze zombie (Slime:5)
  6 spectral Executioners
  10 Orb Guardian zombies (Zot:5)
  3 spectral protean progenitors
  A spectral efreet (Snake:4)
  A deep troll earth mage (Depths:3)
  9 storm dragon zombies
  5 spectral wendigos
  A sun demon (Pan)
  2 deep elf knights (Elf:2)
  A soul eater (Pan)
  7 spectral balrugs
  6 spectral sixfirhies
  5 spectral reapers
  2 spectral lorocyprocas (Pan)
  A spectral angel (Vaults:2)
  3 sixfirhies
  An iron giant zombie (Dis:7)
  3 anaconda zombies
  2 spark wasp zombies (Depths:3)
  A kraken simulacrum (Coc:7)
  An arcanist (Elf:1)
  3 spectral cacodemons
  2 golden dragon zombies
  A shadow dragon zombie (Zot:1)
  A deep elf archer (Elf:3)
  A spectral hydra (D:12)
  2 spectral green deaths (Pan)
  A ghost moth zombie (Zot:3)
  An alligator zombie (Swamp:4)
  4 frost giant zombies
  2 spectral blizzard demons (Pan)
  14 draconian zombies
  4 ugly thing zombies
  5 deep elf zephyrmancers
  6 stone giant zombies
  A jorogumo zombie (Pan)
  5 fire giant zombies
  5 hell hog zombies
  A moth of wrath (Zot:1)
  2 shock serpent zombies
  16 demonspawn zombies (Pan)
  A dire elephant zombie (Vaults:1)
  3 spectral soul eaters
  A smoke demon (Pan)
  A spectral rakshasa (Depths:1)
  An unseen horror zombie (D:12)
  A green draconian zombie (Zot:2)
  4 purple draconian zombies
  27 spectral sun demons
  5 yellow draconian zombies
  4 spectral shadow demons (Pan)
  5 red draconian zombies
  3 swamp worm zombies
  2 white draconian zombies
  2 iron troll zombies (Depths:4)
  6 great orb of eyes zombies
  2 hydra zombies (Swamp:4)
  2 hellwings (Pan)
  6 moth of wrath zombies
  A sun moth zombie (Pan)
  A bloated husk (Swamp:1)
  3 demonic crawler zombies (Pan)
  2 guardian serpent zombies (Snake:4)
  5 fire dragon zombies
  A merfolk zombie (Depths:2)
  2 spectral cherubs (Abyss:4)
  3 ettin zombies
  A radroach zombie (Zot:1)
  2 ice dragon zombies (Depths:4)
  11 black mamba zombies
  A naga simulacrum (Coc:7)
  2 spectral komodo dragons
  A water elemental (Elf:3)
  A tyrant leech zombie (Swamp:3)
  3 spectral orange demons
  2 alligator snapping turtle simulacra (Coc:2)
  6 slime creature zombies
  A fire bat (Pan)
  2 spectral hell beasts
  A spectral rust devil (Pan)
  2 spectral ice devils
  4 tengu zombies
  3 fire bat zombies (Pan)
  7 spectral hellions
  12 deep troll zombies
  2 two-headed ogre zombies (D:15)
  3 spectral tormentors
  43 human zombies
  3 cane toad zombies
  4 spectral hellwings (Pan)
  10 spectral smoke demons
  An entropy weaver zombie (Vaults:3)
  A hydra simulacrum (Coc:7)
  2 spectral red devils (Pan)
  A dream sheep zombie (Lair:5)
  61 elf zombies
  A swamp dragon zombie (Swamp:3)
  6 hornet zombies
  2 blink frog zombies
  5 spectral chaos spawn (Pan)
  A hog zombie (D:9)
  2 rime drake zombies
  2 spectral neqoxecs
  A troll zombie (D:12)
  15 yaktaur zombies
  A komodo dragon zombie (D:9)
  10 spectral ynoxinuls (Pan)
  2 cyclops zombies (D:12)
  7 hell hound zombies
  A warg zombie (Orc:2)
  4 wyvern zombies
  7 water moccasin zombies
  A polar bear zombie (Lair:5)
  17 spriggan zombies
  11 yak zombies
  6 wolf zombies
  8 bullfrog zombies
  9 centaur zombies
  A jelly (Abyss:4)
  2 boggart zombies
  An orc wizard (Orc:2)
  17 killer bee zombies
  2 brain worm zombies (Pan)
  3 ogre zombies
  An acid dragon zombie (D:11)
  26 naga zombies
  A sky beast zombie (Elf:1)
  A hound zombie (D:6)
  2 hell rat zombies (Hell)
  2 howler monkey zombies
  2 swamp drake zombies
  An iguana zombie (D:7)
  A jelly zombie (D:6)
  A spectral shadow imp (D:8)
  8 kobold zombies
  41 orc zombies
  A spectral orc (D:9)
  A spectral ufetubus (D:6)
  9 ball lightnings (Pan)
  30 foxfires
  7 spectral weapons
  A starspawn tentacle (Pan)
  9 tentacles (Coc:7)
787 creatures vanquished.

Grand Total: 5265 creatures vanquished

Notes
Turn   | Place    | Note
-------+----------+-------------------------------------------
     0 | D:1      | Draconianmaid the Mummy Gladiator began the quest for the
                  | Orb.
     0 | D:1      | Reached XP level 1. HP: 16/16 MP: 1/1
   145 | D:1      | Reached XP level 2. HP: 22/23 MP: 2/2
   789 | D:2      | Reached skill level 3 in Unarmed Combat
   800 | D:2      | Reached XP level 3. HP: 26/28 MP: 3/3
   914 | D:2      | Noticed Sigmund
   924 | D:2      | Killed Sigmund
   925 | D:2      | Reached skill level 4 in Unarmed Combat
   925 | D:2      | Reached XP level 4. HP: 17/37 MP: 4/4
   925 | D:2      | Reached XP level 5. HP: 20/42 MP: 5/5
  1756 | D:3      | Reached XP level 6. HP: 48/48 MP: 6/6
  1772 | D:3      | Found Pyniggu's Antique Weapon Shop.
  2032 | D:3      | Found a hazy altar of Hepliaklqana.
  2034 | D:3      | Found a broken altar of Ashenzari.
  2527 | D:4      | Reached skill level 5 in Fighting
  2674 | D:4      | Reached skill level 5 in Unarmed Combat
  2674 | D:4      | Reached XP level 7. HP: 56/56 MP: 7/7
  3119 | D:4      | Found Ilaosafa's Magic Scroll Emporium.
  3122 | D:4      | Bought a scroll of fear for 56 gold pieces
  3154 | D:5      | Entered Level 5 of the Dungeon
  3586 | D:5      | Reached skill level 1 in Evocations
  3724 | D:5      | Found a staircase to the Ecumenical Temple.
  3737 | Temple   | Entered the Ecumenical Temple
  3761 | Temple   | Became a worshipper of Yredelemnul the Fallen
  3981 | D:5      | Reached skill level 1 in Invocations
  3981 | D:5      | Reached XP level 8. HP: 64/64 MP: 8/8
  3986 | D:5      | Reached skill level 6 in Unarmed Combat
  4795 | D:6      | Reached * piety under Yredelemnul
  5208 | D:7      | Reached skill level 7 in Unarmed Combat
  5286 | D:7      | Reached XP level 9. HP: 74/74 MP: 9/9
  5670 | D:8      | Reached skill level 1 in Armour
  5757 | D:8      | Reached skill level 8 in Unarmed Combat
  5846 | D:8      | Reached ** piety under Yredelemnul
  5921 | D:8      | Found a shimmering altar of Xom.
  6363 | D:9      | Reached XP level 10. HP: 53/82 MP: 11/11
  6399 | D:9      | Reached skill level 9 in Unarmed Combat
  6567 | D:9      | Paralysed by an orc wizard for 4 turns
  6581 | D:9      | Identified the ring "Heserch" {rPois SInv Stlth+}
  6647 | D:9      | Got the Secrets of Variable Frostbite
  6649 | D:9      | Identified the staff of Xetoq {rN+ Dex+2 Earth}
  6806 | D:9      | Reached *** piety under Yredelemnul
  7028 | D:9      | Reached skill level 10 in Fighting
  7174 | D:9      | Found a staircase to the Lair.
  7296 | D:10     | Entered Level 10 of the Dungeon
  7319 | D:10     | Found a staircase to the Orcish Mines.
  7612 | D:10     | Reached XP level 11. HP: 93/93 MP: 12/12
  7685 | D:10     | Reached **** piety under Yredelemnul
  7686 | D:10     | Reached skill level 10 in Unarmed Combat
  8646 | D:11     | Reached skill level 11 in Unarmed Combat
  8918 | D:11     | Found a snail-covered altar of Cheibriados.
  9148 | Lair:1   | Entered Level 1 of the Lair of Beasts
  9456 | Lair:1   | Noticed a death yak
  9456 | Lair:1   | Noticed a death yak
  9457 | Lair:1   | Noticed a death yak
  9464 | Lair:1   | Killed a death yak
  9465 | Lair:1   | Killed a death yak
  9469 | Lair:1   | Reached skill level 12 in Unarmed Combat
  9471 | Lair:1   | Killed a death yak
  9548 | Lair:1   | Noticed a boulder beetle
  9552 | Lair:1   | Killed a boulder beetle
  9553 | Lair:1   | Reached XP level 12. HP: 102/102 MP: 13/13
 10378 | Lair:2   | Reached ***** piety under Yredelemnul
 10386 | Lair:2   | Reached skill level 13 in Unarmed Combat
 10533 | Lair:2   | Noticed Sonja
 10556 | Lair:2   | Killed Sonja
 10579 | Lair:2   | Reached skill level 14 in Unarmed Combat
 10884 | Lair:2   | Found a staircase to the Snake Pit.
 10948 | Lair:2   | Noticed an alligator
 10965 | Lair:2   | Killed an alligator
 11212 | Lair:2   | Found a staircase to the Swamp.
 11447 | Lair:2   | Upgraded the game from 0.32-a0-314-g526f7d4 to
                  | 0.32-a0-330-g213d367
 11787 | Lair:3   | Noticed a seven-headed hydra
 11793 | Lair:3   | Killed a seven-headed hydra
 11793 | Lair:3   | Bound a seven-headed hydra
 11977 | Lair:3   | Gained mutation: You are strongly in touch with the powers
                  | of death. [Mummy growth]
 11977 | Lair:3   | Reached XP level 13. HP: 105/108 MP: 16/16
 12082 | Lair:3   | Reached skill level 1 in Shields
 13260 | Lair:5   | Entered Level 5 of the Lair of Beasts
 13395 | Lair:5   | Found a viscous altar of Jiyva.
 13395 | Lair:5   | Found a staircase to the Slime Pits.
 14034 | Lair:5   | Reached skill level 15 in Unarmed Combat
 15065 | Orc:1    | Entered Level 1 of the Orcish Mines
 15083 | Orc:1    | Noticed Maurice
 15092 | Orc:1    | Killed Maurice
 15378 | Orc:2    | Entered Level 2 of the Orcish Mines
 15396 | Orc:2    | Found a staircase to the Elven Halls.
 15478 | Orc:2    | Reached XP level 14. HP: 120/120 MP: 17/17
 15726 | Orc:2    | Reached ****** piety under Yredelemnul
 15982 | Orc:2    | Found Wemny's Weapon Boutique.
 15983 | Orc:2    | Found Kagatuhi's Assorted Antiques.
 15984 | Orc:2    | Found Githrutzae's General Store.
 15988 | Orc:2    | Found Sient's Distillery.
 16423 | Orc:1    | Found Sasiczis's Antique Armour Emporium.
 16429 | Orc:1    | Bought a pair of embroidered gloves for 277 gold pieces
 16587 | Orc:1    | Found Vilet's Antique Armour Shop.
 16606 | Orc:1    | Noticed Harold
 16620 | Orc:1    | Killed Harold
 16714 | Orc:1    | Found Cuiruor's Distillery.
 16736 | Orc:1    | Found Otipsutead's Antique Weapon Shoppe.
 16941 | D:12     | Noticed Snorg
 16948 | D:12     | Killed Snorg
 17086 | D:12     | Noticed Rupert
 17098 | D:12     | Killed Rupert
 17182 | D:12     | Reached skill level 5 in Invocations
 17468 | D:12     | Identified the +0 robe of the Thistle {*Corrode rElec rPois
                  | Regen+}
 17488 | D:12     | Found Ureheo's Weapon Shop.
 17819 | D:12     | Noticed Azrael
 17839 | D:12     | Reached skill level 16 in Unarmed Combat
 17839 | D:12     | Your ally Snorg died
 18491 | D:12     | Found Ureheo's Weapon Shop.
 18962 | D:12     | Killed Azrael
 18962 | D:12     | Bound Azrael
 19634 | D:13     | Found a runed translucent door.
 20650 | D:14     | Found a gate to the Vaults.
 20718 | D:14     | Noticed Roxanne
 20733 | D:14     | Killed Roxanne
 21908 | D:15     | Entered Level 15 of the Dungeon
 21911 | D:15     | Reached skill level 15 in Fighting
 21911 | D:15     | Reached XP level 15. HP: 129/129 MP: 19/19
 21936 | D:15     | Reached skill level 5 in Evocations
 22196 | D:15     | Found a staircase to the Depths.
 22196 | D:15     | Noticed a fire giant
 22221 | D:15     | Killed a fire giant
 22660 | D:15     | Found a sparkling altar of Nemelex Xobeh.
 23208 | Snake:1  | Entered Level 1 of the Snake Pit
 23211 | Snake:1  | Noticed Kirke
 23216 | Snake:1  | Killed Kirke
 23761 | Snake:1  | Identified a scroll of acquirement
 23777 | Snake:1  | Reached skill level 5 in Armour
 23779 | Snake:1  | Reached skill level 17 in Unarmed Combat
 23793 | Snake:1  | Acquired the +1 pair of boots of Ovumi {Dex+2}
 24586 | Snake:2  | Identified the +11 trident of Fimagosi {freeze, *Slow rF+
                  | rN+ Will+}
 24740 | Snake:2  | Noticed Vashnia
 24752 | Snake:2  | Killed Vashnia
 25311 | Snake:2  | Found Tiboer's Antique Weapon Emporium.
 25311 | Snake:2  | Found Caoxey's Antique Weapon Shoppe.
 25312 | Snake:2  | Found Hocit's Armour Shoppe.
 25314 | Snake:2  | Found Fylof's Distillery.
 25368 | Snake:2  | Bought a +1 cloak of willpower for 231 gold pieces
 25987 | Snake:3  | Reached XP level 16. HP: 93/136 MP: 9/20
 25988 | Snake:3  | Identified the +3 buckler of the Yeti {^Drain rC+ rCorr}
 26545 | Snake:3  | Reached skill level 5 in Shields
 26628 | Snake:3  | Found Byluneno's Jewellery Shoppe.
 26628 | Snake:3  | Found Sozxoc's Book Boutique.
 26629 | Snake:3  | Found Yrumn's Jewellery Shoppe.
 26647 | Snake:3  | Bought an amulet of reflection for 420 gold pieces
 27379 | Snake:4  | Entered Level 4 of the Snake Pit
 27445 | Snake:4  | Identified the +0 cloak "Liatewn" {rElec Str+3 Int-4 Dex+4}
 27591 | Snake:4  | Your ally Azrael died
 27601 | Snake:4  | Reached skill level 18 in Unarmed Combat
 28198 | Snake:4  | Found an iron altar of Okawaru.
 28227 | Snake:4  | Got a serpentine rune of Zot
 28927 | Snake:4  | Reached skill level 10 in Shields
 29330 | Swamp:1  | Entered Level 1 of the Swamp
 29566 | Swamp:1  | Reached XP level 17. HP: 142/142 MP: 15/21
 29870 | Swamp:1  | Got the Atlas of Curses
 30378 | Swamp:2  | Identified the serpent talisman of Dawn {Str-4 Dex+3 SInv}
 30378 | Swamp:2  | Noticed Aizul
 30390 | Swamp:2  | Killed Aizul
 30390 | Swamp:2  | Bound Aizul
 31932 | Swamp:4  | Entered Level 4 of the Swamp
 31932 | Swamp:4  | Found a glacial archway.
 31961 | IceCv    | Entered an ice cave
 33233 | Swamp:4  | Noticed Donald
 33243 | Swamp:4  | Killed Donald
 33569 | Swamp:4  | Reached XP level 18. HP: 89/153 MP: 11/22
 33580 | Swamp:4  | Your ally Aizul died
 35093 | Swamp:4  | Found a blossoming altar of Fedhas.
 35125 | Swamp:4  | Found a basalt altar of Yredelemnul.
 35143 | Swamp:4  | Got a decaying rune of Zot
 35598 | Snake:2  | Bought a +2 chain mail of willpower for 301 gold pieces
 35754 | Elf:1    | Entered Level 1 of the Elven Halls
 35755 | Elf:1    | Paralysed by an air elemental for 1 turns
 35759 | Elf:1    | Paralysed by an air elemental for 1 turns
 37862 | Elf:2    | Found Fekuqux's Distillery.
 38468 | Elf:2    | Reached skill level 15 in Shields
 38558 | Elf:2    | Found a huge runed translucent gate.
 38558 | Elf:2    | Found a huge runed translucent gate.
 38559 | Elf:2    | Found a huge runed translucent gate.
 38559 | Elf:2    | Found a huge runed translucent gate.
 38560 | Elf:2    | Found a huge runed translucent gate.
 38834 | Elf:3    | Entered Level 3 of the Elven Halls
 38959 | Elf:3    | Found Wane Aqae's Book Boutique.
 38959 | Elf:3    | Noticed a walking earthen tome
 39101 | Elf:3    | Paralysed by an air elemental for 1 turns
 39106 | Elf:3    | Paralysed by an air elemental for 1 turns
 39132 | Elf:3    | Found Jizakak's General Store.
 39266 | Elf:3    | Found Eciturch's Distillery.
 39276 | Elf:3    | Bought a scroll of fog for 40 gold pieces
 39276 | Elf:3    | Bought a scroll of vulnerability for 40 gold pieces
 39348 | Elf:3    | Found Efiqif's General Store.
 39353 | Elf:3    | Found Raroesaott's Antique Armour Shop.
 39356 | Elf:3    | Bought a scroll of summoning for 104 gold pieces
 39574 | Elf:3    | Paralysed by an air elemental for 1 turns
 39581 | Elf:3    | Paralysed by an air elemental for 1 turns
 40009 | Elf:3    | Identified the +3 quarterstaff of Luwnior {pain, rC+ rN+
                  | Dex-5}
 40102 | Elf:3    | Reached XP level 19. HP: 163/163 MP: 9/23
 40623 | Elf:3    | Paralysed by an air elemental for 1 turns
 40957 | Elf:3    | Identified the +7 falchion of the Slime-mould {elec, Str+5
                  | Int+4 Stlth+}
 40957 | Elf:3    | Identified the ring "Tucakaic" {Will+ Int+4 Dex+6}
 41279 | Elf:3    | Found the +18 shield of the Gong {Loud rN+ Will+ rCorr
                  | EV-5}
 41285 | Elf:3    | Identified the staff of the Final Chapter {^Fragile rPois
                  | rC+ rN+++ Will- Ice}
 41286 | Elf:3    | Identified the +4 arbalest of the Puffin {freeze, Will+}
 41289 | Elf:3    | Got the Quarto of Toxins
 41308 | Elf:3    | Got the Octavo of the Distorted Panacea
 41350 | Elf:3    | Identified the +8 rapier of Disgust {flame, *Rage rF- Will+
                  | Dex+7}
 41384 | Elf:3    | Identified the +6 falchion of Crystal {pain, rN+}
 41430 | Elf:3    | Identified the staff "Ecoasur" {rElec Earth}
 41897 | Orc:1    | Bought a glowing plate armour for 806 gold pieces
 42659 | D:13     | Got the Thoughts on the Charmed Quarry
 42771 | Vaults:1 | Entered Level 1 of the Vaults
 42987 | Vaults:1 | Identified the +4 robe "Supudit" {Fly rElec rF++}
 42987 | Vaults:1 | Noticed Boris
 43002 | Vaults:1 | Killed Boris
 44963 | Snake:2  | Bought a +1 pair of gloves for 161 gold pieces
 45480 | Vaults:2 | Reached XP level 20. HP: 156/170 MP: 25/27
 45487 | Vaults:2 | Reached skill level 19 in Unarmed Combat
 45622 | Vaults:2 | Found a staircase to the Crypt.
 45820 | Vaults:2 | Reached skill level 10 in Invocations
 47810 | Vaults:3 | Found Cunny's Magic Scroll Shoppe.
 47813 | Vaults:3 | Bought a scroll of torment for 104 gold pieces
 47813 | Vaults:3 | Bought a scroll of teleportation for 33 gold pieces
 47813 | Vaults:3 | Bought a scroll of revelation for 82 gold pieces
 47813 | Vaults:3 | Bought a scroll of revelation for 82 gold pieces
 47813 | Vaults:3 | Bought a scroll of immolation for 44 gold pieces
 47813 | Vaults:3 | Bought a scroll of immolation for 44 gold pieces
 47813 | Vaults:3 | Bought a scroll of fog for 44 gold pieces
 48019 | Vaults:4 | Found a flickering gateway to a bazaar.
 48028 | Bazaar   | Entered a bazaar
 48028 | Bazaar   | Found Xyagaos's General Store.
 48028 | Bazaar   | Found Cacoigas's Magic Scroll Emporium.
 48028 | Bazaar   | Found Zuggiyclyd's Assorted Antiques.
 48046 | Bazaar   | Bought a scroll of vulnerability for 36 gold pieces
 48046 | Bazaar   | Bought a scroll of fear for 36 gold pieces
 48046 | Bazaar   | Bought a scroll of silence for 85 gold pieces
 48046 | Bazaar   | Bought a scroll of teleportation for 27 gold pieces
 48056 | Bazaar   | Bought a scroll of revelation for 202 gold pieces
 48178 | Vaults:4 | Reached skill level 20 in Unarmed Combat
 48641 | Vaults:4 | Noticed Margery
 48658 | Vaults:4 | Reached XP level 21. HP: 161/177 MP: 21/30
 48666 | Vaults:4 | Killed Margery
 49616 | Depths:1 | Entered Level 1 of the Depths
 49630 | Depths:1 | Noticed Nikola
 49645 | Depths:1 | Killed Nikola
 49679 | Depths:1 | Your ally Nikola died
 49830 | Depths:1 | Reached skill level 15 in Invocations
 50081 | Depths:1 | Found a gateway to Hell.
 50234 | Depths:1 | Found a one-way gate leading to the halls of Pandemonium.
 50289 | Depths:1 | Found a burning altar of Makhleb.
 50924 | Depths:2 | Found Poselop's Weapon Emporium.
 50943 | Depths:2 | Found a hide-covered altar of Uskayaw.
 51708 | Depths:2 | Identified the +9 longbow "Tolophapn" {speed, rCorr}
 52238 | Depths:2 | Found a one-way gateway to a ziggurat.
 52819 | Depths:3 | Reached skill level 10 in Armour
 53103 | Depths:3 | Found Icsosot's Armour Shoppe.
 53172 | Depths:3 | Reached XP level 22. HP: 153/184 MP: 26/33
 53426 | Depths:3 | Found a one-way gate to the infinite horrors of the Abyss.
 53823 | Depths:3 | Noticed Jory
 53839 | Depths:3 | Killed Jory
 53840 | Depths:3 | Reached skill level 21 in Unarmed Combat
 54273 | Depths:3 | Noticed a golden dragon
 54282 | Depths:3 | Killed a golden dragon
 54282 | Depths:3 | Bound a golden dragon
 54569 | Depths:3 | Got Sif Muna's Incunable of the Metallic Chill
 54578 | Depths:3 | Identified the +11 trident "Oruom" {venom, Stlth+}
 54650 | Depths:3 | Noticed a golden dragon
 54657 | Depths:3 | Killed a golden dragon
 54931 | Depths:4 | Entered Level 4 of the Depths
 54941 | Depths:4 | Noticed a juggernaut
 54950 | Depths:4 | Killed a juggernaut
 54971 | Depths:4 | Identified the +2 robe of Neicum {Dex+7}
 54971 | Depths:4 | Noticed Boris
 54981 | Depths:4 | Noticed a juggernaut
 54989 | Depths:4 | Killed a juggernaut
 54989 | Depths:4 | Killed Boris
 55186 | Depths:4 | Noticed a golden dragon
 55191 | Depths:4 | Noticed a golden dragon
 55193 | Depths:4 | Found a gate to the Realm of Zot.
 55199 | Depths:4 | Killed a golden dragon
 55203 | Depths:4 | Killed a golden dragon
 55807 | Depths:4 | Found an ancient bone altar of Kikubaaqudgha.
 56664 | Slime:1  | Entered Level 1 of the Pits of Slime
 57375 | Slime:5  | Entered Level 5 of the Pits of Slime
 57399 | Slime:5  | Reached skill level 22 in Unarmed Combat
 57404 | Slime:5  | Noticed the Royal Jelly
 57410 | Slime:5  | Killed the Royal Jelly
 57451 | Slime:5  | Reached XP level 23. HP: 50/196 MP: 34/34
 57868 | Slime:5  | Identified the +4 hand axe of a ziggurat {heavy, Str+7}
 57892 | Slime:5  | Got Sif Muna's Annotations on Sparks
 57893 | Slime:5  | Identified the +3 war axe "Kett" {venom, Int+4 Dex+2}
 57896 | Slime:5  | Identified the +1 great sword "Volaanlu" {venom, rN+ Str+2
                  | Dex-3}
 57916 | Slime:5  | Identified the +4 battleaxe "Kuyleats" {vamp, rElec rF+}
 57954 | Slime:5  | Identified the +7 orcbow of the Salmon {flame, rN+ Will+
                  | Dex+2}
 57957 | Slime:5  | Got a slimy rune of Zot
 57959 | Slime:5  | Identified the ring "Doxza" {rC+ rCorr Int+7 Dex-3}
 57970 | Slime:5  | Got the Vellum of the Shot
 58007 | Slime:5  | Identified the +2 robe "Jagijaho" {Harm Int+3}
 58029 | Slime:5  | Identified the scarf "Fyw Xoriups" {repulsion, Harm rC-
                  | Str+2 SInv}
 58336 | Slime:5  | Upgraded the game from 0.32-a0-330-g213d367 to
                  | 0.32-a0-339-g5eddc7e
 58819 | Vaults:5 | Entered Level 5 of the Vaults
 58865 | Vaults:5 | Noticed an ancient lich
 58874 | Vaults:5 | Identified the orb of the Quahog {*channel, rElec rC+
                  | Int+2}
 58874 | Vaults:5 | Noticed Frederick
 58875 | Vaults:5 | Noticed Mara
 60247 | Vaults:5 | Noticed Draconianmaid's illusion
 60253 | Vaults:4 | Killed an ancient lich
 60384 | Vaults:4 | Killed Frederick
 60384 | Vaults:4 | Bound Frederick
 60428 | Vaults:5 | Noticed Draconianmaid's illusion
 60791 | Vaults:5 | Killed Mara
 60792 | Vaults:5 | Reached skill level 23 in Unarmed Combat
 60886 | Vaults:5 | Got a silver rune of Zot
 60976 | Vaults:5 | Identified the +5 rapier of the Hall of Blades {venom,
                  | *Rage Str+5 SInv Stlth+}
 61088 | Vaults:5 | Identified the +6 trident "Dragonbane" {pain, ^Fragile
                  | Int+6 SInv Stlth+}
 61296 | Vaults:5 | Identified the +7 morningstar "Jeyhoid" {flame, rN++ Str-5
                  | Int+2 Dex+9}
 61350 | Vaults:5 | Got Ilaunyt's Spellbook of the Eleven Yaks
 61510 | Vaults:5 | Identified the ring of Starshine {rC+ Slay+2}
 61579 | Vaults:5 | Identified the ring of the Lizard {rElec rPois rC+ Will+
                  | Slay-6 Stlth+}
 61844 | Vaults:5 | Found Maruur's Magic Scroll Boutique.
 61849 | Vaults:5 | Bought a scroll of acquirement for 676 gold pieces
 61849 | Vaults:5 | Bought a scroll of summoning for 123 gold pieces
 61849 | Vaults:5 | Acquired a manual of Armour
 61890 | Vaults:5 | Found Yjaschef's Magic Scroll Boutique.
 61890 | Vaults:5 | Found Ameohiza's Distillery.
 61895 | Vaults:5 | Bought a scroll of fear for 80 gold pieces
 61895 | Vaults:5 | Bought a scroll of teleportation for 60 gold pieces
 61895 | Vaults:5 | Bought a scroll of fog for 80 gold pieces
 61895 | Vaults:5 | Bought a scroll of vulnerability for 80 gold pieces
 61895 | Vaults:5 | Bought a scroll of vulnerability for 80 gold pieces
 61901 | Vaults:5 | Found Uveefax's Magic Scroll Shop.
 61909 | Vaults:5 | Bought a scroll of acquirement for 988 gold pieces
 61909 | Vaults:5 | Bought a scroll of teleportation for 57 gold pieces
 61909 | Vaults:5 | Bought a scroll of vulnerability for 76 gold pieces
 61909 | Vaults:5 | Bought a scroll of blinking for 142 gold pieces
 61909 | Vaults:5 | Bought a scroll of fear for 76 gold pieces
 61909 | Vaults:5 | Acquired the amulet "Qegeytur" {Regen+ rCorr Str+3}
 62646 | Elf:2    | Reached XP level 24. HP: 133/204 MP: 27/34
 63881 | Crypt:1  | Entered Level 1 of the Crypt
 63960 | Crypt:1  | Reached skill level 24 in Unarmed Combat
 64402 | Crypt:1  | Noticed Grunn
 64408 | Crypt:1  | Killed Grunn
 64919 | Crypt:2  | Noticed Mennas
 64934 | Crypt:2  | Killed Mennas
 65004 | Crypt:2  | Reached skill level 25 in Unarmed Combat
 65206 | Crypt:2  | Reached skill level 1 in Stealth
 65772 | Crypt:3  | Entered Level 3 of the Crypt
 65796 | Crypt:3  | Reached skill level 5 in Throwing
 65828 | Crypt:3  | Noticed Khufu
 65837 | Crypt:3  | Noticed a royal mummy
 65843 | Crypt:3  | Killed Khufu
 65871 | Crypt:3  | Killed a royal mummy
 65871 | Crypt:3  | Your ally Frederick died
 65882 | Crypt:3  | Identified the ring of Eternal Harmony {rN+ Int+2}
 65882 | Crypt:3  | Identified the ring "Hirung" {rN+ Str+4}
 65882 | Crypt:3  | Identified the ring of the Dripping Pariah {+Blink rC+ rN+
                  | Dex+5}
 66030 | Crypt:3  | Reached skill level 5 in Stealth
 66151 | Crypt:3  | Reached XP level 25. HP: 202/210 MP: 34/34
 66222 | Crypt:3  | Found a staircase to the Tomb.
 66478 | Crypt:3  | Noticed an ancient lich
 66486 | Crypt:3  | Killed an ancient lich
 66553 | Crypt:3  | Found a basalt altar of Yredelemnul.
 66568 | Crypt:3  | Identified the staff "Idwuleukk" {rF+ rC- Dex+8 Fire}
 67576 | Zot:1    | Entered Level 1 of the Realm of Zot
 68917 | Zot:2    | Reached skill level 10 in Throwing
 68955 | Zot:2    | Reached skill level 10 in Stealth
 70459 | Zot:2    | Identified the ring of Yczukox {Ice *Slow rN+ Will+++ SInv}
 70459 | Zot:2    | Noticed Josephina
 70468 | Zot:2    | Killed Josephina
 70887 | Zot:3    | Reached XP level 26. HP: 122/218 MP: 34/34
 72826 | Zot:4    | Identified the +4 battleaxe of Yvezaergh {holy, rElec Will+
                  | rCorr}
 72899 | Zot:4    | Found a stormy altar of Qazlal.
 73070 | Zot:5    | Entered Level 5 of the Realm of Zot
 73759 | Zot:5    | Noticed an orb of fire
 73763 | Zot:5    | Noticed an orb of fire
 73939 | Zot:4    | Killed an orb of fire
 74267 | Zot:5    | Noticed an ancient lich
 74278 | Zot:5    | Killed an ancient lich
 74330 | Zot:5    | Noticed an orb of fire
 74337 | Zot:5    | Noticed an orb of fire
 74570 | Zot:4    | Killed an orb of fire
 74683 | Zot:4    | Killed an orb of fire
 74816 | Zot:5    | Noticed an orb of fire
 74903 | Zot:4    | Killed an orb of fire
 75312 | Zot:5    | Noticed an orb of fire
 75318 | Zot:5    | Noticed a dread lich
 75330 | Zot:5    | Killed an orb of fire
 75335 | Zot:5    | Killed an orb of fire
 75365 | Zot:5    | Reached skill level 15 in Stealth
 75407 | Zot:5    | Killed a dread lich
 75408 | Zot:5    | Reached XP level 27. HP: 157/224 MP: 34/34
 75471 | Zot:5    | Noticed an orb of fire
 75483 | Zot:5    | Killed an orb of fire
 75742 | Zot:5    | Noticed an ancient lich
 75752 | Zot:5    | Killed an ancient lich
 75753 | Zot:5    | Reached skill level 15 in Throwing
 75917 | Zot:5    | Noticed an ancient lich
 75925 | Zot:5    | Killed an ancient lich
 76433 | Pan      | Entered Pandemonium
 76773 | Pan      | Noticed Haafro Nygia the pandemonium lord
 76865 | Pan      | Killed Haafro Nygia the pandemonium lord
 78809 | Pan      | Found a huge runed translucent gate.
 78885 | Pan      | Noticed Ignacio
 79020 | Pan      | Killed Ignacio
 79020 | Pan      | Bound Ignacio
 79350 | Pan      | Found a huge runed translucent gate.
 79351 | Pan      | Found a huge runed translucent gate.
 79351 | Pan      | Found a huge runed translucent gate.
 79351 | Pan      | Found a huge runed translucent gate.
 79351 | Pan      | Found a huge runed translucent gate.
 79751 | Pan      | Found a huge runed translucent gate.
 79756 | Pan      | Noticed Zalid the pandemonium lord
 79763 | Pan      | Killed Zalid the pandemonium lord
 79939 | Pan      | Got a demonic rune of Zot
 80164 | Pan      | Noticed Wugicw the pandemonium lord
 80172 | Pan      | Killed Wugicw the pandemonium lord
 80297 | Pan      | Identified the +5 war axe of Anguish {chaos, rF+ Will+ MP+9
                  | Dex+3}
 80332 | Pan      | Found an exit through the horrors of the Abyss.
 80333 | Pan      | Found a corrupted altar of Lugonu.
 80795 | Pan      | Noticed Fucautoa the pandemonium lord
 80798 | Pan      | Killed Fucautoa the pandemonium lord
 81401 | Pan      | Found an exit through the horrors of the Abyss.
 81882 | Pan      | Noticed Rotrug the pandemonium lord
 81888 | Pan      | Killed Rotrug the pandemonium lord
 82743 | Pan      | Noticed Amipt the pandemonium lord
 82748 | Pan      | Killed Amipt the pandemonium lord
 82872 | Pan      | Found an exit through the horrors of the Abyss.
 83308 | Pan      | Entered the realm of Lom Lobon.
 83539 | Pan      | Found an exit through the horrors of the Abyss.
 83782 | Pan      | Noticed Lom Lobon
 83813 | Pan      | Killed Lom Lobon
 83864 | Pan      | Got a magical rune of Zot
 84105 | Pan      | Noticed Cobudgh the pandemonium lord
 84108 | Pan      | Killed Cobudgh the pandemonium lord
 84283 | Pan      | Identified the +0 scale mail of Wasted Space {Dex+3}
 84361 | Pan      | Found a sparkling altar of Nemelex Xobeh.
 84658 | Pan      | Noticed Wolaup the pandemonium lord
 84661 | Pan      | Killed Wolaup the pandemonium lord
 84691 | Pan      | Found an exit through the horrors of the Abyss.
 85840 | Pan      | Found Diask's Quality Elixirs.
 85841 | Pan      | Found an opulent altar of Gozag.
 85841 | Pan      | Noticed a dread lich
 85843 | Pan      | Noticed Diask the pandemonium lord
 85846 | Pan      | Killed a dread lich
 85848 | Pan      | Killed Diask the pandemonium lord
 85850 | Pan      | Found Diask's Infernal Boutique.
 85856 | Pan      | Found Diask's Rarities Zone.
 85858 | Pan      | Found an opulent altar of Gozag.
 85867 | Pan      | Found Diask's Assorted Sundries.
 85875 | Pan      | Found an opulent altar of Gozag.
 85974 | Pan      | Bought the amulet of Free Expression {Spirit rElec Regen+}
                  | for 880 gold pieces
 86463 | Pan      | Noticed Ofybb the pandemonium lord
 86469 | Pan      | Killed Ofybb the pandemonium lord
 86698 | Pan      | Identified the +0 plate armour of Paonudea {Int+3}
 87001 | Pan      | Upgraded the game from 0.32-a0-339-g5eddc7e to
                  | 0.32-a0-348-gc80224b
 87075 | Pan      | Noticed Appuacoh the pandemonium lord
 87079 | Pan      | Killed Appuacoh the pandemonium lord
 87413 | Pan      | Found an exit through the horrors of the Abyss.
 87679 | Pan      | Noticed Etwyaph the pandemonium lord
 87691 | Abyss:4  | Cast into level 4 of the Abyss (Etwyaph)
 87711 | Abyss:4  | Found a corrupted altar of Lugonu.
 87714 | Abyss:4  | Found a corrupted altar of Lugonu.
 87747 | Abyss:4  | Reached skill level 26 in Unarmed Combat
 87771 | Abyss:4  | Found a corrupted altar of Lugonu.
 87779 | Pan      | Escaped the Abyss
 87787 | Pan      | Killed Etwyaph the pandemonium lord
 87970 | Pan      | Noticed Kietoq the pandemonium lord
 87985 | Pan      | Killed Kietoq the pandemonium lord
 88092 | Pan      | Found an exit through the horrors of the Abyss.
 88796 | Pan      | Noticed Optec the pandemonium lord
 88797 | Pan      | Killed Optec the pandemonium lord
 89703 | Pan      | Noticed Roitt the pandemonium lord
 89706 | Pan      | Killed Roitt the pandemonium lord
 89822 | Pan      | Noticed Mesas the pandemonium lord
 89832 | Pan      | Killed Mesas the pandemonium lord
 89916 | Pan      | Identified the +2 spear of Res Judicata {vamp, rF+ Str+4
                  | Int-3 SInv}
 90467 | Pan      | Noticed Sinebocw the pandemonium lord
 90479 | Pan      | Killed Sinebocw the pandemonium lord
 90745 | Pan      | Reached skill level 27 in Unarmed Combat
 91216 | Pan      | Noticed Jadiofyi the pandemonium lord
 91219 | Pan      | Killed Jadiofyi the pandemonium lord
 91362 | Pan      | Found a corrupted altar of Lugonu.
 91403 | Pan      | Found an ancient bone altar of Kikubaaqudgha.
 91892 | Pan      | Identified the +2 chain mail of Ompit {Regen+}
 91895 | Pan      | Noticed Mercha Kik the pandemonium lord
 91903 | Pan      | Killed Mercha Kik the pandemonium lord
 92287 | Pan      | Identified the ring of Bacirph Boxtu {Wiz Fly Str+2 Slay+2}
 92639 | Pan      | Noticed Pifrolege the pandemonium lord
 92643 | Pan      | Killed Pifrolege the pandemonium lord
 92915 | Pan      | Reached skill level 15 in Armour
 93029 | Pan      | Entered the realm of Gloorx Vloq.
 93033 | Pan      | Found a burning altar of Makhleb.
 93124 | Pan      | Found an exit through the horrors of the Abyss.
 93334 | Pan      | Noticed Gloorx Vloq
 93342 | Pan      | Killed Gloorx Vloq
 93346 | Pan      | Your ally Gloorx Vloq died
 93427 | Pan      | Got a dark rune of Zot
 93549 | Pan      | Reached skill level 10 in Evocations
 93680 | Pan      | Entered the realm of Mnoleg.
 94169 | Pan      | Noticed Mnoleg
 94187 | Pan      | Killed Mnoleg
 94201 | Pan      | Got a glowing rune of Zot
 94438 | Pan      | Entered the realm of Cerebov.
 94678 | Pan      | Found the +6 sword of Cerebov {flame}
 94678 | Pan      | Noticed Cerebov
 94821 | Pan      | Found an exit through the horrors of the Abyss.
 94923 | Pan      | Killed Cerebov
 95132 | Pan      | Identified the +7 great sword "Pash" {elec, rPois rCorr
                  | Str-4 Dex+4}
 95137 | Pan      | Identified the +7 sling of Vetaimol {flame, Str+5}
 95152 | Pan      | Identified the +6 ice dragon scales of Life {Rampage rPois
                  | rF- rC++ rN+}
 95162 | Pan      | Identified the +3 hand axe "Dragonbane" {drain, Dex+3}
 95196 | Pan      | Got a fiery rune of Zot
 95273 | Pan      | Took an exit into the Abyss.
 95273 | Abyss:4  | Escaped into the Abyss
 95306 | Abyss:4  | Found a corrupted altar of Lugonu.
 95308 | Abyss:4  | Found a corrupted altar of Lugonu.
 95439 | Abyss:4  | Noticed a juggernaut
 95451 | Abyss:4  | Killed a juggernaut
 95455 | Abyss:4  | Got an abyssal rune of Zot
 95573 | Depths:2 | Escaped the Abyss
 95642 | Hell     | Entered the Vestibule of Hell
 95642 | Hell     | Noticed Geryon
 95652 | Hell     | Killed Geryon
 95858 | Hell     | Found a gateway to the ashen valley of Gehenna.
 95951 | Hell     | Found a gateway to the decaying netherworld of Tartarus.
 96032 | Hell     | Found a gateway to the freezing wastes of Cocytus.
 96093 | Hell     | Found a gateway to the Iron City of Dis.
 96489 | Vaults:5 | Bought a scroll of revelation for 97 gold pieces
 96489 | Vaults:5 | Bought a scroll of fog for 52 gold pieces
 96489 | Vaults:5 | Bought a scroll of vulnerability for 52 gold pieces
 96489 | Vaults:5 | Bought a scroll of revelation for 97 gold pieces
 96724 | Dis:1    | Entered Level 1 of the Iron City of Dis
 97233 | Dis:3    | Noticed an ancient lich
 97241 | Dis:3    | Killed an ancient lich
 97744 | Dis:6    | Reached skill level 15 in Evocations
 97985 | Dis:7    | Entered Level 7 of the Iron City of Dis
 98555 | Dis:7    | Noticed a juggernaut
 98559 | Dis:7    | Killed a juggernaut
 98646 | Dis:7    | Identified the +1 short sword of the Jolly Xenops {vamp,
                  | rF+ Dex+2}
 98648 | Dis:7    | Identified the ring "Nimp" {MP-9 Str+3 Dex+7 SInv}
 99249 | Dis:7    | Noticed Dispater
 99251 | Dis:7    | Noticed a juggernaut
 99257 | Dis:7    | Killed a juggernaut
 99261 | Dis:7    | Killed Dispater
 99279 | Dis:7    | Got an iron rune of Zot
 99560 | Geh:1    | Entered Level 1 of Gehenna
100156 | Geh:7    | Entered Level 7 of Gehenna
100973 | Geh:7    | Noticed the Serpent of Hell
100976 | Geh:7    | Killed the Serpent of Hell
101110 | Geh:7    | Found the +3 giant club "Skullcrusher" {speed, Str+7}
101404 | Geh:7    | Found the +13 sceptre of Asmodeus
101404 | Geh:7    | Noticed Asmodeus
101411 | Geh:7    | Killed Asmodeus
101427 | Geh:7    | Got an obsidian rune of Zot
101453 | Geh:7    | Identified the +3 ring mail of the Spheres {Dex+2}
101717 | Tar:1    | Entered Level 1 of Tartarus
101731 | Tar:1    | Noticed an ancient lich
101736 | Tar:1    | Killed an ancient lich
102757 | Tar:7    | Entered Level 7 of Tartarus
102850 | Tar:7    | Noticed Ereshkigal
102854 | Tar:7    | Killed Ereshkigal
102883 | Tar:7    | Got a bone rune of Zot
103037 | Coc:1    | Entered Level 1 of Cocytus
103106 | Coc:2    | Paralysed by a wendigo for 1 turns
103645 | Coc:5    | Paralysed by a wendigo for 1 turns
103806 | Coc:7    | Entered Level 7 of Cocytus
104187 | Coc:7    | Paralysed by a wendigo for 1 turns
104224 | Coc:7    | Paralysed by a wendigo for 1 turns
104232 | Coc:7    | Paralysed by a wendigo for 1 turns
104239 | Coc:7    | Paralysed by a wendigo for 1 turns
104247 | Coc:7    | Your ally Ignacio died
104295 | Coc:7    | Noticed Antaeus
104466 | Coc:7    | Paralysed by a wendigo for 1 turns
104501 | Coc:7    | Paralysed by a wendigo for 1 turns
104589 | Coc:7    | Paralysed by a wendigo for 1 turns
104762 | Coc:7    | Killed Antaeus
104762 | Coc:7    | Bound Antaeus
104817 | Coc:7    | Got an icy rune of Zot
104885 | Coc:7    | Paralysed by a wendigo for 1 turns
105224 | Tomb:1   | Entered Level 1 of the Tomb of the Ancients
105569 | Tomb:1   | Noticed a royal mummy
105581 | Tomb:1   | Killed a royal mummy
105928 | Tomb:2   | Noticed a royal mummy
105929 | Tomb:2   | Noticed a royal mummy
105929 | Tomb:2   | Noticed a royal mummy
106271 | Tomb:3   | Entered Level 3 of the Tomb of the Ancients
106280 | Tomb:3   | Noticed a royal mummy
106283 | Tomb:3   | Found the +5 demon whip "Spellbinder" {antimagic, disrupt,
                  | Will+}
106293 | Tomb:3   | Noticed a royal mummy
106296 | Tomb:3   | Noticed a royal mummy
106301 | Tomb:3   | Noticed a royal mummy
106301 | Tomb:3   | Noticed a royal mummy
106302 | Tomb:3   | Noticed a royal mummy
106302 | Tomb:3   | Killed a royal mummy
106310 | Tomb:3   | Killed a royal mummy
106459 | Tomb:3   | Noticed a royal mummy
106477 | Tomb:3   | Noticed a royal mummy
106481 | Tomb:3   | Killed a royal mummy
106482 | Tomb:3   | Noticed a royal mummy
106517 | Tomb:3   | Killed a royal mummy
106536 | Tomb:3   | Killed a royal mummy
106536 | Tomb:3   | Killed a royal mummy
106537 | Tomb:3   | Killed a royal mummy
106538 | Tomb:3   | Killed a royal mummy
106549 | Tomb:3   | Got a sanguine gem with 511 turns to spare
106558 | Tomb:3   | Killed a royal mummy
106748 | Tomb:3   | Got a golden rune of Zot
107293 | Zot:5    | Got the Orb of Zot
107528 | D:12     | Noticed Eclukka the pandemonium lord
107541 | D:12     | Killed Eclukka the pandemonium lord
107664 | D:9      | Noticed Cuwumuck the pandemonium lord
107837 | D:$      | Escaped with the Orb!

Illustrated notes

Levels and vault maps discovered:
D:1:      minmay_arrival_doors, layout_loops_ring, minmay_strange_pillars
D:2:      layout_loops_ring, nicolae_figureground_pulse, uniq_sigmund
D:3:      layout_basic, jmf_multi_god_temple, serial_shops,
          nicolae_shop_advertising_works [nicolae_subvault_shop_adworks]
D:4:      layout_basic, serial_shops, nicolae_shop_rolled_up
D:5:      layout_layer_cave, minmay_temple_entry_offerings, grunt_decor_fettered
D:6:      layout_basic
D:7:      layout_rooms
D:8:      layout_cave_pools, mainiacjoe_overflow_24_doors
D:9:      layout_cave_pools, david_lair_shrubbed, minmay_the_grid_2x2
          [minmay_the_grid_expand, minmay_the_grid_spin_star,
          minmay_the_grid_tiny_cups, minmay_the_grid_prize_diamond_cup]
D:10:     layout_cave_pools, zombieorc2_lemuel
D:11:     nicolae_hitomezashi [nicolae_hito_row, nicolae_hito_row,
          nicolae_hito_row, nicolae_hito_row, nicolae_hito_row,
          nicolae_hito_row, nicolae_hito_row, nicolae_hito_row,
          nicolae_hito_row, nicolae_hito_row, nicolae_hito_row,
          nicolae_hito_row, nicolae_hito_row, nicolae_hito_row,
          nicolae_hito_row, nicolae_hito_row, nicolae_hito_row,
          nicolae_hito_row], layout_basic, cheibrodos_worm_habitat
D:12:     layout_stronghold, serial_shops, shop, uniq_snorg, uniq_azrael,
          uniq_rupert
D:13:     layout_basic, serial_glass, glass_columns_a, glass_columns_c,
          minmay_crystal_box
D:14:     layout_stronghold, david_vaults_2, chequers_serial_rivers_micro_a,
          st_stairs_9, uniq_roxanne
D:15:     grunt_enter_depths_giant_problem, layout_cave_pools,
          nemelex_diamond_rough_becter, grunt_ministairs_8
Temple:   hellmonk_temple_of_storms
Lair:1:   layout_small_grid
Lair:2:   regret_index_tunnel_blossom, layout_loops_ring,
          mainiacjoe_swamp_entry_lozenge_pond, guppyfry_snake_entry_island,
          uniq_sonja
Lair:3:   layout_roguey
Lair:4:   layout_misc_corridors, infiniplex_staircase_pool
Lair:5:   minmay_lair_end_enchanted_forest, layout_gridlike, slime_entry_1,
          dpeg_oklob_1
Swamp:1:  layout_falls_marsh, evilmike_swamp_ruin_rubble_1
Swamp:2:  layout_basic_swamp, hangedman_swamp_cone, swamp_pool_3,
          nzn_swamp_stair_ambush, uniq_aizul
Swamp:3:  layout_basic_swamp, evilmike_swamp_ruin_wall, swamp_pool_5,
          hangedman_swamp_grove
Swamp:4:  byrel_swamp_growth_death_and_undeath, layout_basic_swamp,
          portal_ice_cave_entry_ice_simulacra, nicolae_swamp_tree_isthmus,
          nicolae_swamp_decorative_isthmus, uniq_donald
Snake:1:  layout_gridlike, uniq_kirke
Snake:2:  layout_misc_corridors, grunt_megastairs_3, minmay_shoptagon,
          uniq_vashnia
Snake:3:  layout_gridlike, serial_bayou_shore_a, serial_bayou_shore_b,
          minmay_shop_grove, serial_bayou_shore_b
Snake:4:  grunt_snake_rune_serpentine_throne, layout_cave_town,
          nicolae_triple_integral
Slime:1:  layout_caves
Slime:2:  layout_caves
Slime:3:  layout_caves
Slime:4:  layout_caves
Slime:5:  slime_pit_nicolae_jellycorners
Orc:1:    layout_diamond_mine, serial_shops, nicolae_shop_industrial_runoff,
          nicolae_shop_waterfront, shop, shop, uniq_harold, uniq_maurice
Orc:2:    st_orc_mages, layout_caves
Elf:1:    eino_elf_arrival_shootout, layout_loops_cross, hangedman_elf_disciples
Elf:2:    elven_hall_of_blades_hangedman_alternative [nicolae_blade_tridents],
          layout_loops_cross, serial_shops, nicolae_shop_rolling_square,
          nicolae_zig_zag_zippers
Elf:3:    minmay_elf_hall, layout_loops_ring, serial_shops, shop,
          nicolae_shop_window_shopping, nicolae_shop_mannequins,
          minmay_shop_star
Vaults:1: nicolae_vaults_storage_closets_3, v_alt_pattern_3,
          nicolae_vaults_little_squares_1, nicolae_vaults_storage_room_glass,
          vaults_room_glass_cross, nicolae_vaults_what_the_h,
          nicolae_vaults_asterisk, layout_vaults_big_room, uniq_boris
Vaults:2: minmay_crypt_entry_simple_statues, nicolae_vaults_diamond_2,
          gargoyle_guard, ontoclasm_vaults_hangar, hangedman_vaults_trim,
          vaults_dpeg_cross, nicolae_vaults_shrinking_rooms_1,
          lemuel_angel_altar, hangedman_vaults_nodes, layout_vaults_omnibox
Vaults:3: nicolae_vaults_closet_pinwheel_1, nicolae_vaults_diagonal_hallway_6,
          v_misc_1, v_misc_31, nicolae_vaults_storage_room_water,
          nicolae_vaults_diamond_2, vaults_room_pools, nicolae_vaults_network_s,
          layout_vaults_ring, serial_shops, nicolae_shop_rolled_up
Vaults:4: nicolae_vaults_little_squares_4, dpeg_vaults_monster_row, v_misc_29,
          nicolae_vaults_tetromino_T_2, vaults_dpeg_hooks,
          nicolae_vaults_double_plus_3, nicolae_vaults_little_squares_6,
          nicolae_vaults_quartermaster, nicolae_vaults_little_squares_2,
          grunt_vaults_twisty, vaults_standard_mumra_lines,
          nicolae_vaults_closet_pinwheel_4, layout_vaults_omnicross,
          serial_shops, bzr_firewalk, uniq_margery
Vaults:5: uniq_frederick, uniq_mara
Crypt:1:  layout_gridlike, grunt_crypt_arrival_guarded_gate, grunt_megastairs_2,
          uniq_grunn
Crypt:2:  layout_basic, serial_co_window_serial, co_window_corner_a,
          co_window_paths_b, co_window_paths_a, co_window_paths_a,
          co_window_corner_a, co_window_corner_ca, co_window_of_opportunity_b,
          co_window_broadway_b, skrybe_necro_troll_2, uniq_mennas
Crypt:3:  church_of_pain_bobbens, layout_chaotic_city,
          tomb_entry_forgotten_bobbens, nicolae_crypt_reliquary_box,
          nicolae_letterblocks [nicolae_letter_subblock,
          nicolae_letter_subblock, nicolae_letter_subblock,
          nicolae_letter_subblock, nicolae_letter_subblock,
          nicolae_letter_subblock, nicolae_letter_subblock,
          nicolae_letter_subblock, nicolae_letter_subblock,
          nicolae_letter_subblock, nicolae_letter_subblock,
          nicolae_letter_subblock, nicolae_letter_subblock,
          nicolae_letter_subblock, nicolae_letter_subblock,
          nicolae_letter_subblock, nicolae_letter_subblock,
          nicolae_letter_subblock, nicolae_letter_subblock,
          nicolae_letter_subblock, nicolae_letter_subblock,
          nicolae_letter_subblock, nicolae_letter_subblock,
          nicolae_letter_subblock, nicolae_letter_subblock], uniq_khufu
Tomb:1
Tomb:2
Tomb:3
Depths:1: layout_cave_shapes, hellmouth_1, grunt_pan_entry_zigzag,
          makhleb_altar_promises_db, uniq_nikola
Depths:2: minmay_blocking_statues, layout_gridlike, enter_ziggurat_e, pan_entry,
          serial_shops, kennysheep_mini_moat, pf_hell_entry_tar_river,
          kennysheep_another_room, roderic_serpentine_path,
          hangedman_decor_points, hangedman_glass_teeth,
          chequers_serial_rivers_micro_e, eat_drink_and_be_merry_uskayaw
Depths:3: minmay_nine_rooms, layout_basic, abyss_entry, hell_entry,
          serial_shops, kennysheep_little_box, kennysheep_big_empty_room,
          uniq_jory
Depths:4: grunt_zot_entry_funnels, layout_honeycomb, grunt_mini_vestibule,
          drop_trap, nicolae_kikubaaqudgha_miasma_corner
Hell
Dis:1:    layout_jigsaw
Dis:2:    layout_gridville, nicolae_dis_metal_lava_thing
Dis:3:    layout_subdivisions, nicolae_dis_grated_feature
Dis:4:    layout_regular_city
Dis:5:    layout_regular_city
Dis:6:    nicolae_dis_heavy_handed_symbolism
Dis:7:    dis_hangedman
Geh:1:    layout_gehenna_lava_caves
Geh:2:    layout_gehenna_pools_basic
Geh:3:    layout_gehenna_pools_box
Geh:4:    layout_gehenna_pools_box, nicolae_geh_fiery_graves
          [nicolae_geh_single_fiery_grave, nicolae_geh_single_fiery_grave,
          nicolae_geh_single_fiery_grave, nicolae_geh_single_fiery_grave,
          nicolae_geh_single_fiery_grave, nicolae_geh_single_fiery_grave,
          nicolae_geh_single_fiery_grave, nicolae_geh_single_fiery_grave,
          nicolae_geh_single_fiery_grave]
Geh:5:    layout_gehenna_lava_caves
Geh:6:    layout_gehenna_pools_basic
Geh:7:    geh_grunt
Coc:1:    layout_ice_bergs, nicolae_coc_icebean_singular
          [nicolae_sub_coc_subbean]
Coc:2:    layout_cocytus_water_paths
Coc:3:    layout_ice_bergs
Coc:4:    layout_cocytus_water_paths
Coc:5:    layout_cocytus_water_paths
Coc:6:    layout_cocytus_water_paths
Coc:7:    coc_hangedman
Tar:1:    layout_honeycomb, evilmike_ambush [evilmike_ambush_outer_corners,
          evilmike_ambush_inner_basic]
Tar:2:    layout_honeycomb
Tar:3:    layout_honeycomb
Tar:4:    layout_grid_maze, nicolae_tar_combbox
Tar:5:    layout_cathedral_of_symmetry, nicolae_tar_cuneiform_heaven
Tar:6:    layout_grid_maze, nicolae_tar_cuneiform_city
Tar:7:    tar_old
Zot:1:    layout_onion_interference, regret_index_zotdec_banners
Zot:2:    minmay_elemental_castle, layout_misc_corridors, uniq_josephina
Zot:3:    layout_twisted_circle, regret_index_zotdec_zees,
          regret_index_zotdec_twisting_globes
Zot:4:    layout_onion, regret_index_zotdec_storm_pass
Zot:5:    layout_concentric_octagons, st_stairs_14, grunt_ministairs_3,
          guppyfry_library_mini

Skill      XL: |  1  2  3  4  5  6  7  8  9 10 11 12 13 14 15 16 17 18 19 20 21 22 23 24 25 26 27 |
---------------+----------------------------------------------------------------------------------+-----
Unarmed Combat | 3 4 5 7 8 9 12 14 15 16 17 18 20 22 23 25 27 | 27.0
Fighting       | 4 5 6 8 11 12 14 15 16 17 18 20 25 | 25.0
Throwing       | 2 4 6 11 14 24 | 24.9
Evocations     | 2 4 6 8 18 | 18.0
Invocations    | 1 2 4 6 9 13 15 18 | 18.0
Armour         | 2 4 7 8 10 12 15 | 15.0
Shields        | 4 10 13 15 24 | 24.7
Stealth        | 6 11 15 20 | 20.0
Dodging        | |  2.4

Action                     |  1- 3 |  4- 6 |  7- 9 | 10-12 | 13-15 | 16-18 | 19-21 | 22-24 | 25-27 || total
---------------------------+-------+-------+-------+-------+-------+-------+-------+-------+-------++-------
  Melee: Unarmed           |    56 |   102 |       |    33 |   775 |   951 |  1498 |  1289 |  3145 ||  7849
         Punch             |     4 |     2 |       |     1 |       |       |       |       |       ||     7
         Spear             |       |    69 |   197 |    11 |       |       |       |       |       ||   277
         Halberd           |       |       |     2 |       |       |       |       |       |       ||     2
         Glaive            |       |       |       |   276 |       |       |       |       |       ||   276
         Staff             |       |       |       |       |     1 |       |       |       |       ||     1
  Throw: Dart              |     2 |     2 |     2 |       |    13 |       |    14 |     3 |    29 ||    65
         Throwing net      |     2 |       |       |       |     3 |       |       |       |     5 ||    10
         Boomerang         |       |     3 |       |       |     2 |       |     1 |       |       ||     6
         Javelin           |       |       |       |       |       |     6 |     7 |       |    21 ||    34
 Invoke: Light the Black T |       |       |     5 |     5 |    11 |     9 |     7 |    10 |    48 ||    95
         Hurl Torchlight   |       |       |       |     4 |    19 |    23 |    10 |     9 |    73 ||   138
         Recall Undead Har |       |       |       |     1 |     9 |     6 |     1 |     5 |    34 ||    56
         Bind Soul         |       |       |       |     3 |     4 |     1 |       |     2 |     5 ||    15
         Fathomless Shackl |       |       |       |       |     1 |       |     5 |     4 |     4 ||    14
  Evoke: Wand              |       |       |     4 |     4 |     7 |    20 |     9 |    15 |    30 ||    89
         Condenser vane    |       |       |       |     2 |     2 |     1 |     2 |     1 |     2 ||    10
         Box of beasts     |       |       |       |       |       |       |       |       |     3 ||     3
         Phantom mirror    |       |       |       |       |       |       |       |       |     3 ||     3
         Horn of Geryon    |       |       |       |       |       |       |       |       |     2 ||     2
    Use: Scroll            |       |       |     9 |     4 |    10 |     5 |     9 |    30 |    57 ||   124
   Stab: Distracted        |       |       |     2 |     8 |    14 |    17 |    31 |    26 |   134 ||   232
         Paralysed         |       |       |       |       |     4 |       |     1 |       |     1 ||     6
         Held in net/web   |       |       |       |       |     1 |       |       |       |       ||     1
         Confused          |       |       |       |       |       |       |     1 |       |       ||     1
         Invisible         |       |       |       |       |       |       |       |     1 |     2 ||     3
         Sleeping          |       |       |       |       |       |       |       |       |     9 ||     9
 Armour: Leather armour    |    30 |       |       |       |       |       |       |       |       ||    30
         Ring mail         |     2 |    62 |       |       |       |       |       |       |       ||    64
         Scale mail        |       |    14 |    63 |       |       |       |       |       |       ||    77
         Chain mail        |       |       |    26 |    68 |       |   219 |    82 |       |       ||   395
         Plate armour      |       |       |       |   236 |   648 |   456 |   550 |   642 |  1292 ||  3824
         Fire dragon scale |       |       |       |       |       |       |       |       |   689 ||   689
  Dodge: Dodged            |    39 |    90 |    98 |   141 |   374 |   173 |    79 |    85 |   410 ||  1489
  Block: Buckler           |       |       |       |     1 |   169 |       |       |       |       ||   170
         Kite shield       |       |       |       |       |    71 |   774 |  1603 |  1520 |  1524 ||  5492
         Reflection        |       |       |       |       |       |    64 |   107 |    26 |       ||   197
         Tower shield      |       |       |       |       |       |       |       |       |  1283 ||  1283

Table legend: (Time is in decaauts)
 A = Elapsed time spent in this place.
 B = Non-inter-level travel time spent in this place.
 C = Inter-level travel time spent in this place.
 D = Time resting spent in this place.
 E = Time spent auto-exploring this place.
 F = Levels seen in this place.
 G = Mean time per level.
                   A        B        C        D        E       F      G
               +--------+--------+--------+--------+--------+-----+--------+
         Total | 105864 |  97122 |   8742 |  22864 |  46279 | 118 |  897.2 |
       Dungeon |  18127 |  15195 |   2932 |   2077 |   9965 |  15 | 1208.5 |
        Temple |     37 |     10 |     27 |      0 |      0 |   1 |   37.0 |
          Lair |   6683 |   5886 |    797 |    572 |   4164 |   5 | 1336.6 |
         Swamp |   4990 |   4840 |    150 |   1721 |   2046 |   4 | 1247.5 |
     Snake Pit |   6147 |   5836 |    311 |   1078 |   3580 |   4 | 1536.8 |
    Slime Pits |   2042 |   1971 |     71 |    416 |    972 |   5 |  408.4 |
  Orcish Mines |   2052 |   1672 |    380 |      0 |   1308 |   2 | 1026.0 |
   Elven Halls |   6370 |   5990 |    380 |   1507 |   2540 |   3 | 2123.3 |
        Vaults |  10079 |   8872 |   1207 |   2695 |   4168 |   5 | 2015.8 |
         Crypt |   3390 |   3079 |    311 |    307 |   1786 |   3 | 1130.0 |
          Tomb |   1637 |   1318 |    319 |    507 |     93 |   3 |  545.7 |
        Depths |   7082 |   6405 |    677 |   2156 |   2568 |   4 | 1770.5 |
          Hell |    918 |    599 |    319 |      5 |    294 |   1 |  918.0 |
           Dis |   2721 |   2578 |    143 |   1212 |    216 |   7 |  388.7 |
       Gehenna |   2010 |   1888 |    122 |    932 |    172 |   7 |  287.1 |
       Cocytus |   1807 |   1767 |     40 |   1027 |      3 |   7 |  258.1 |
      Tartarus |   1240 |   1180 |     60 |    517 |    176 |   7 |  177.1 |
           Zot |   8537 |   8047 |    490 |   2857 |   2507 |   5 | 1707.4 |
         Abyss |    358 |    358 |      0 |      0 |     38 |   2 |  179.0 |
   Pandemonium |  18370 |  18370 |      0 |   2452 |   9664 |  26 |  706.5 |
        Bazaar |     36 |     36 |      0 |      0 |     16 |   1 |   36.0 |
      Ice Cave |   1219 |   1219 |      0 |    822 |      0 |   1 | 1219.0 |
               +--------+--------+--------+--------+--------+-----+--------+

Top non-repeatable levels by time:
Vaults:4: 3462 daAuts
    D:12: 2874 daAuts
   Elf:3: 2626 daAuts
 Swamp:4: 2358 daAuts
Depths:3: 2263 daAuts
Depths:2: 2213 daAuts
Vaults:1: 2160 daAuts
   Zot:5: 2114 daAuts
   Zot:2: 2070 daAuts
   Elf:2: 2043 daAuts
    D:13: 1922 daAuts
 Snake:4: 1829 daAuts
  Lair:5: 1766 daAuts
    D:14: 1756 daAuts
  Lair:2: 1736 daAuts
